Workbook

Sheet 2025 Income
A1: Date | B1: DESCRIPTION | C1: REF | E1: INCOME | F1: INTEREST | G1: BONDS - STANDING ORDER | H1: COMMON PLATE | I1: BONDS - VIA WEEKLY ENVELOPES | J1: BONDS - VIA CHEQUES | K1: DONATION | L1: CHURCH OFFICER | M1: LIFE & WORK | N1: TREES at CHRISTMAS | O1: PULPIT SUPPLY REPAYMENT | P1: FUNERAL FEES | Q1: WEDDING FEES | R1: REFUND OF TAX ON BONDS | S1: REFUND OF CHURCH REPAIRS | T1: INSURANCE CLAIM Window Vandalism | U1: BEQUEST Stuart Macdonald | V1: SPARE | W1: SPARE | X1: SPARE | Y1: CHRISTIAN AID DONATION | Z1: REFUND ON INSURANCE FROM FABRIC FUND | AA1: REFUND ON ELECTRICITY FROM FABRIC FUND | AB1: CONCERTS - QUIZ / SOUP & SWEET | AC1: SPARE | AD1: SPARE
A2: 45659 | B2: Herries | C2: 1 | D2: D/D | E2: 500 | F2: 0 | G2: 500 | H2: 0 | I2: 0 | J2: 0 | K2: 0 | L2: 0 | M2: 0 | N2: 0 | O2: 0 | P2: 0 | Q2: 0 | R2: 0 | S2: 0 | T2: 0 | U2: 0 | V2: 0 | W2: 0 | X2: 0 | Y2: 0 | Z2: 0 | AA2: 0 | AB2: 0 | AC2: 0 | AD2: 0 | AE2: =SUM(F2:AD2)-E2 -> 0
A3: 45662 | B3: Common Plate | C3: 1 | E3: 75 | F3: 0 | G3: 0 | H3: 75 | I3: 0 | J3: 0 | K3: 0 | L3: 0 | M3: 0 | N3: 0 | O3: 0 | P3: 0 | Q3: 0 | R3: 0 | S3: 0 | T3: 0 | U3: 0 | V3: 0 | W3: 0 | X3: 0 | Y3: 0 | Z3: 0 | AA3: 0 | AB3: 0 | AC3: 0 | AD3: 0 | AE3: =SUM(F3:AD3)-E3 -> 0
A4: 45669 | B4: Common Plate | C4: 1 | D4: 500577 | E4: 90 | F4: 0 | G4: 0 | H4: 90 | I4: 0 | J4: 0 | K4: 0 | L4: 0 | M4: 0 | N4: 0 | O4: 0 | P4: 0 | Q4: 0 | R4: 0 | S4: 0 | T4: 0 | U4: 0 | V4: 0 | W4: 0 | X4: 0 | Y4: 0 | Z4: 0 | AA4: 0 | AB4: 0 | AC4: 0 | AD4: 0 | AE4: =SUM(F4:AD4)-E4 -> 0
A5: 45670 | B5: Funeral - McLachlan | C5: 1 | E5: 100 | F5: 0 | G5: 0 | H5: 0 | I5: 0 | J5: 0 | K5: 0 | L5: 0 | M5: 0 | N5: 0 | O5: 0 | P5: 100 | Q5: 0 | R5: 0 | S5: 0 | T5: 0 | U5: 0 | V5: 0 | W5: 0 | X5: 0 | Y5: 0 | Z5: 0 | AA5: 0 | AB5: 0 | AC5: 0 | AD5: 0 | AE5: =SUM(F5:AD5)-E5 -> 0
A6: 45676 | B6: Common Plate | C6: 1 | D6: 500578 | E6: 125 | F6: 0 | G6: 0 | H6: 125 | I6: 0 | J6: 0 | K6: 0 | L6: 0 | M6: 0 | N6: 0 | O6: 0 | P6: 0 | Q6: 0 | R6: 0 | S6: 0 | T6: 0 | U6: 0 | V6: 0 | W6: 0 | X6: 0 | Y6: 0 | Z6: 0 | AA6: 0 | AB6: 0 | AC6: 0 | AD6: 0 | AE6: =SUM(F6:AD6)-E6 -> 0
A7: 45683 | B7: Common Plate | C7: 1 | D7: 500579 | E7: 60 | F7: 0 | G7: 0 | H7: 60 | I7: 0 | J7: 0 | K7: 0 | L7: 0 | M7: 0 | N7: 0 | O7: 0 | P7: 0 | Q7: 0 | R7: 0 | S7: 0 | T7: 0 | U7: 0 | V7: 0 | W7: 0 | X7: 0 | Y7: 0 | Z7: 0 | AA7: 0 | AB7: 0 | AC7: 0 | AD7: 0 | AE7: =SUM(F7:AD7)-E7 -> 0
A8: 45687 | B8: McKean | C8: 1 | D8: D/D | E8: 13 | F8: 0 | G8: 13 | H8: 0 | I8: 0 | J8: 0 | K8: 0 | L8: 0 | M8: 0 | N8: 0 | O8: 0 | P8: 0 | Q8: 0 | R8: 0 | S8: 0 | T8: 0 | U8: 0 | V8: 0 | W8: 0 | X8: 0 | Y8: 0 | Z8: 0 | AA8: 0 | AB8: 0 | AC8: 0 | AD8: 0 | AE8: =SUM(F8:AD8)-E8 -> 0
A9: 45690 | B9: Common Plate | C9: 1 | D9: Transfer | E9: 60 | F9: 0 | G9: 0 | H9: 60 | I9: 0 | J9: 0 | K9: 0 | L9: 0 | M9: 0 | N9: 0 | O9: 0 | P9: 0 | Q9: 0 | R9: 0 | S9: 0 | T9: 0 | U9: 0 | V9: 0 | W9: 0 | X9: 0 | Y9: 0 | Z9: 0 | AA9: 0 | AB9: 0 | AC9: 0 | AD9: 0 | AE9: =SUM(F9:AD9)-E9 -> 0
A10: 45697 | B10: Common Plate | C10: 1 | D10: 500580 | E10: 95 | F10: 0 | G10: 0 | H10: 95 | I10: 0 | J10: 0 | K10: 0 | L10: 0 | M10: 0 | N10: 0 | O10: 0 | P10: 0 | Q10: 0 | R10: 0 | S10: 0 | T10: 0 | U10: 0 | V10: 0 | W10: 0 | X10: 0 | Y10: 0 | Z10: 0 | AA10: 0 | AB10: 0 | AC10: 0 | AD10: 0 | AE10: =SUM(F10:AD10)-E10 -> 0
A11: 45704 | B11: Common Plate | C11: 1 | D11: 500581 | E11: 135 | F11: 0 | G11: 0 | H11: 135 | I11: 0 | J11: 0 | K11: 0 | L11: 0 | M11: 0 | N11: 0 | O11: 0 | P11: 0 | Q11: 0 | R11: 0 | S11: 0 | T11: 0 | U11: 0 | V11: 0 | W11: 0 | X11: 0 | Y11: 0 | Z11: 0 | AA11: 0 | AB11: 0 | AC11: 0 | AD11: 0 | AE11: =SUM(F11:AD11)-E11 -> 0
A12: 45711 | B12: Common Plate | C12: 1 | D12: 500582 | E12: 85 | F12: 0 | G12: 0 | H12: 85 | I12: 0 | J12: 0 | K12: 0 | L12: 0 | M12: 0 | N12: 0 | O12: 0 | P12: 0 | Q12: 0 | R12: 0 | S12: 0 | T12: 0 | U12: 0 | V12: 0 | W12: 0 | X12: 0 | Y12: 0 | Z12: 0 | AA12: 0 | AB12: 0 | AC12: 0 | AD12: 0 | AE12: =SUM(F12:AD12)-E12 -> 0
A13: 45716 | B13: McKean | C13: 1 | D13: D/D | E13: 13 | F13: 0 | G13: 13 | H13: 0 | I13: 0 | J13: 0 | K13: 0 | L13: 0 | M13: 0 | N13: 0 | O13: 0 | P13: 0 | Q13: 0 | R13: 0 | S13: 0 | T13: 0 | U13: 0 | V13: 0 | W13: 0 | X13: 0 | Y13: 0 | Z13: 0 | AA13: 0 | AB13: 0 | AC13: 0 | AD13: 0 | AE13: =SUM(F13:AD13)-E13 -> 0
A14: 45718 | B14: Common Plate | C14: 1 | D14: 500583 | E14: 55 | F14: 0 | G14: 0 | H14: 55 | I14: 0 | J14: 0 | K14: 0 | L14: 0 | M14: 0 | N14: 0 | O14: 0 | P14: 0 | Q14: 0 | R14: 0 | S14: 0 | T14: 0 | U14: 0 | V14: 0 | W14: 0 | X14: 0 | Y14: 0 | Z14: 0 | AA14: 0 | AB14: 0 | AC14: 0 | AD14: 0 | AE14: =SUM(F14:AD14)-E14 -> 0
A15: 45725 | B15: Common Plate | C15: 1 | D15: 500584 | E15: 80 | F15: 0 | G15: 0 | H15: 80 | I15: 0 | J15: 0 | K15: 0 | L15: 0 | M15: 0 | N15: 0 | O15: 0 | P15: 0 | Q15: 0 | R15: 0 | S15: 0 | T15: 0 | U15: 0 | V15: 0 | W15: 0 | X15: 0 | Y15: 0 | Z15: 0 | AA15: 0 | AB15: 0 | AC15: 0 | AD15: 0 | AE15: =SUM(F15:AD15)-E15 -> 0
A16: 45732 | B16: Common Plate | C16: 1 | D16: 500585 | E16: 80 | F16: 0 | G16: 0 | H16: 80 | I16: 0 | J16: 0 | K16: 0 | L16: 0 | M16: 0 | N16: 0 | O16: 0 | P16: 0 | Q16: 0 | R16: 0 | S16: 0 | T16: 0 | U16: 0 | V16: 0 | W16: 0 | X16: 0 | Y16: 0 | Z16: 0 | AA16: 0 | AB16: 0 | AC16: 0 | AD16: 0 | AE16: =SUM(F16:AD16)-E16 -> 0
A17: 45732 | B17: Interest | C17: 1 | D17: BGC | E17: 60 | F17: 60 | G17: 0 | H17: 0 | I17: 0 | J17: 0 | K17: 0 | L17: 0 | M17: 0 | N17: 0 | O17: 0 | P17: 0 | Q17: 0 | R17: 0 | S17: 0 | T17: 0 | U17: 0 | V17: 0 | W17: 0 | X17: 0 | Y17: 0 | Z17: 0 | AA17: 0 | AB17: 0 | AC17: 0 | AD17: 0 | AE17: =SUM(F17:AD17)-E17 -> 0
A18: 45739 | B18: Common Plate | C18: 1 | D18: 500586 | E18: 136.45 | F18: 0 | G18: 0 | H18: 136.45 | I18: 0 | J18: 0 | K18: 0 | L18: 0 | M18: 0 | N18: 0 | O18: 0 | P18: 0 | Q18: 0 | R18: 0 | S18: 0 | T18: 0 | U18: 0 | V18: 0 | W18: 0 | X18: 0 | Y18: 0 | Z18: 0 | AA18: 0 | AB18: 0 | AC18: 0 | AD18: 0 | AE18: =SUM(F18:AD18)-E18 -> 0
A19: 45746 | B19: Common Plate | C19: 1 | D19: 500587 | E19: 35 | F19: 0 | G19: 0 | H19: 35 | I19: 0 | J19: 0 | K19: 0 | L19: 0 | M19: 0 | N19: 0 | O19: 0 | P19: 0 | Q19: 0 | R19: 0 | S19: 0 | T19: 0 | U19: 0 | V19: 0 | W19: 0 | X19: 0 | Y19: 0 | Z19: 0 | AA19: 0 | AB19: 0 | AC19: 0 | AD19: 0 | AE19: =SUM(F19:AD19)-E19 -> 0
A20: 45747 | B20: McKean | C20: 1 | D20: D/D | E20: 13 | F20: 0 | G20: 13 | H20: 0 | I20: 0 | J20: 0 | K20: 0 | L20: 0 | M20: 0 | N20: 0 | O20: 0 | P20: 0 | Q20: 0 | R20: 0 | S20: 0 | T20: 0 | U20: 0 | V20: 0 | W20: 0 | X20: 0 | Y20: 0 | Z20: 0 | AA20: 0 | AB20: 0 | AC20: 0 | AD20: 0 | AE20: =SUM(F20:AD20)-E20 -> 0
A21: 45748 | B21: Herries | C21: 1 | D21: D/D | E21: 500 | F21: 0 | G21: 500 | H21: 0 | I21: 0 | J21: 0 | K21: 0 | L21: 0 | M21: 0 | N21: 0 | O21: 0 | P21: 0 | Q21: 0 | R21: 0 | S21: 0 | T21: 0 | U21: 0 | V21: 0 | W21: 0 | X21: 0 | Y21: 0 | Z21: 0 | AA21: 0 | AB21: 0 | AC21: 0 | AD21: 0 | AE21: =SUM(F21:AD21)-E21 -> 0
A22: 45748 | B22: Funeral - Allison | C22: 1 | E22: 150 | F22: 0 | G22: 0 | H22: 0 | I22: 0 | J22: 0 | K22: 0 | L22: 0 | M22: 0 | N22: 0 | O22: 0 | P22: 150 | Q22: 0 | R22: 0 | S22: 0 | T22: 0 | U22: 0 | V22: 0 | W22: 0 | X22: 0 | Y22: 0 | Z22: 0 | AA22: 0 | AB22: 0 | AC22: 0 | AD22: 0 | AE22: =SUM(F22:AD22)-E22 -> 0
A23: 45753 | B23: Common Plate | C23: 1 | D23: 500588 | E23: 93 | F23: 0 | G23: 0 | H23: 93 | I23: 0 | J23: 0 | K23: 0 | L23: 0 | M23: 0 | N23: 0 | O23: 0 | P23: 0 | Q23: 0 | R23: 0 | S23: 0 | T23: 0 | U23: 0 | V23: 0 | W23: 0 | X23: 0 | Y23: 0 | Z23: 0 | AA23: 0 | AB23: 0 | AC23: 0 | AD23: 0 | AE23: =SUM(F23:AD23)-E23 -> 0
A24: 45760 | B24: Common Plate | C24: 1 | D24: Transfer | E24: 85 | F24: 0 | G24: 0 | H24: 85 | I24: 0 | J24: 0 | K24: 0 | L24: 0 | M24: 0 | N24: 0 | O24: 0 | P24: 0 | Q24: 0 | R24: 0 | S24: 0 | T24: 0 | U24: 0 | V24: 0 | W24: 0 | X24: 0 | Y24: 0 | Z24: 0 | AA24: 0 | AB24: 0 | AC24: 0 | AD24: 0 | AE24: =SUM(F24:AD24)-E24 -> 0
A25: 45767 | B25: Common Plate | C25: 1 | D25: 500590 | E25: 128 | F25: 0 | G25: 0 | H25: 128 | I25: 0 | J25: 0 | K25: 0 | L25: 0 | M25: 0 | N25: 0 | O25: 0 | P25: 0 | Q25: 0 | R25: 0 | S25: 0 | T25: 0 | U25: 0 | V25: 0 | W25: 0 | X25: 0 | Y25: 0 | Z25: 0 | AA25: 0 | AB25: 0 | AC25: 0 | AD25: 0 | AE25: =SUM(F25:AD25)-E25 -> 0
A26: 45774 | B26: Common Plate | C26: 1 | D26: 500591 | E26: 105 | F26: 0 | G26: 0 | H26: 105 | I26: 0 | J26: 0 | K26: 0 | L26: 0 | M26: 0 | N26: 0 | O26: 0 | P26: 0 | Q26: 0 | R26: 0 | S26: 0 | T26: 0 | U26: 0 | V26: 0 | W26: 0 | X26: 0 | Y26: 0 | Z26: 0 | AA26: 0 | AB26: 0 | AC26: 0 | AD26: 0 | AE26: =SUM(F26:AD26)-E26 -> 0
A27: 45777 | B27: McKean | C27: 1 | D27: D/D | E27: 13 | F27: 0 | G27: 13 | H27: 0 | I27: 0 | J27: 0 | K27: 0 | L27: 0 | M27: 0 | N27: 0 | O27: 0 | P27: 0 | Q27: 0 | R27: 0 | S27: 0 | T27: 0 | U27: 0 | V27: 0 | W27: 0 | X27: 0 | Y27: 0 | Z27: 0 | AA27: 0 | AB27: 0 | AC27: 0 | AD27: 0 | AE27: =SUM(F27:AD27)-E27 -> 0
A28: 45781 | B28: Common Plate | C28: 1 | D28: 500592 | E28: 100 | F28: 0 | G28: 0 | H28: 100 | I28: 0 | J28: 0 | K28: 0 | L28: 0 | M28: 0 | N28: 0 | O28: 0 | P28: 0 | Q28: 0 | R28: 0 | S28: 0 | T28: 0 | U28: 0 | V28: 0 | W28: 0 | X28: 0 | Y28: 0 | Z28: 0 | AA28: 0 | AB28: 0 | AC28: 0 | AD28: 0 | AE28: =SUM(F28:AD28)-E28 -> 0
A29: 45788 | B29: Funeral - Robertson | C29: 1 | E29: 100 | F29: 0 | G29: 0 | H29: 0 | I29: 0 | J29: 0 | K29: 0 | L29: 0 | M29: 0 | N29: 0 | O29: 0 | P29: 100 | Q29: 0 | R29: 0 | S29: 0 | T29: 0 | U29: 0 | V29: 0 | W29: 0 | X29: 0 | Y29: 0 | Z29: 0 | AA29: 0 | AB29: 0 | AC29: 0 | AD29: 0 | AE29: =SUM(F29:AD29)-E29 -> 0
A30: 45788 | B30: Common Plate | C30: 1 | D30: Transfer | E30: 60 | F30: 0 | G30: 0 | H30: 60 | I30: 0 | J30: 0 | K30: 0 | L30: 0 | M30: 0 | N30: 0 | O30: 0 | P30: 0 | Q30: 0 | R30: 0 | S30: 0 | T30: 0 | U30: 0 | V30: 0 | W30: 0 | X30: 0 | Y30: 0 | Z30: 0 | AA30: 0 | AB30: 0 | AC30: 0 | AD30: 0 | AE30: =SUM(F30:AD30)-E30 -> 0
A31: 45792 | B31: Interest | C31: 1 | D31: D/D | E31: 216.6 | F31: 216.6 | G31: 0 | H31: 0 | I31: 0 | J31: 0 | K31: 0 | L31: 0 | M31: 0 | N31: 0 | O31: 0 | P31: 0 | Q31: 0 | R31: 0 | S31: 0 | T31: 0 | U31: 0 | V31: 0 | W31: 0 | X31: 0 | Y31: 0 | Z31: 0 | AA31: 0 | AB31: 0 | AC31: 0 | AD31: 0 | AE31: =SUM(F31:AD31)-E31 -> 0
A32: 45793 | B32: Wedding - Riddick | C32: 1 | E32: 250 | F32: 0 | G32: 0 | H32: 0 | I32: 0 | J32: 0 | K32: 0 | L32: 0 | M32: 0 | N32: 0 | O32: 0 | P32: 0 | Q32: 250 | R32: 0 | S32: 0 | T32: 0 | U32: 0 | V32: 0 | W32: 0 | X32: 0 | Y32: 0 | Z32: 0 | AA32: 0 | AB32: 0 | AC32: 0 | AD32: 0 | AE32: =SUM(F32:AD32)-E32 -> 0
A33: 45795 | B33: Common Plate | C33: 1 | D33: Transfer | E33: 158.3 | F33: 0 | G33: 0 | H33: 158.3 | I33: 0 | J33: 0 | K33: 0 | L33: 0 | M33: 0 | N33: 0 | O33: 0 | P33: 0 | Q33: 0 | R33: 0 | S33: 0 | T33: 0 | U33: 0 | V33: 0 | W33: 0 | X33: 0 | Y33: 0 | Z33: 0 | AA33: 0 | AB33: 0 | AC33: 0 | AD33: 0 | AE33: =SUM(F33:AD33)-E33 -> 0
A34: 45802 | B34: Common Plate | C34: 1 | D34: Transfer | E34: 75 | F34: 0 | G34: 0 | H34: 75 | I34: 0 | J34: 0 | K34: 0 | L34: 0 | M34: 0 | N34: 0 | O34: 0 | P34: 0 | Q34: 0 | R34: 0 | S34: 0 | T34: 0 | U34: 0 | V34: 0 | W34: 0 | X34: 0 | Y34: 0 | Z34: 0 | AA34: 0 | AB34: 0 | AC34: 0 | AD34: 0 | AE34: =SUM(F34:AD34)-E34 -> 0
A35: 45808 | B35: McKean | C35: 1 | D35: D/D | E35: 13 | F35: 0 | G35: 13 | H35: 0 | I35: 0 | J35: 0 | K35: 0 | L35: 0 | M35: 0 | N35: 0 | O35: 0 | P35: 0 | Q35: 0 | R35: 0 | S35: 0 | T35: 0 | U35: 0 | V35: 0 | W35: 0 | X35: 0 | Y35: 0 | Z35: 0 | AA35: 0 | AB35: 0 | AC35: 0 | AD35: 0 | AE35: =SUM(F35:AD35)-E35 -> 0
A36: 45809 | B36: Common Plate | C36: 1 | D36: 500593 | E36: 35 | F36: 0 | G36: 0 | H36: 35 | I36: 0 | J36: 0 | K36: 0 | L36: 0 | M36: 0 | N36: 0 | O36: 0 | P36: 0 | Q36: 0 | R36: 0 | S36: 0 | T36: 0 | U36: 0 | V36: 0 | W36: 0 | X36: 0 | Y36: 0 | Z36: 0 | AA36: 0 | AB36: 0 | AC36: 0 | AD36: 0 | AE36: =SUM(F36:AD36)-E36 -> 0
A37: 45816 | B37: Common Plate | C37: 1 | D37: Transfer | E37: 110 | F37: 0 | G37: 0 | H37: 110 | I37: 0 | J37: 0 | K37: 0 | L37: 0 | M37: 0 | N37: 0 | O37: 0 | P37: 0 | Q37: 0 | R37: 0 | S37: 0 | T37: 0 | U37: 0 | V37: 0 | W37: 0 | X37: 0 | Y37: 0 | Z37: 0 | AA37: 0 | AB37: 0 | AC37: 0 | AD37: 0 | AE37: =SUM(F37:AD37)-E37 -> 0
A38: 45823 | B38: Common Plate | C38: 1 | D38: Transfer | E38: 55 | F38: 0 | G38: 0 | H38: 55 | I38: 0 | J38: 0 | K38: 0 | L38: 0 | M38: 0 | N38: 0 | O38: 0 | P38: 0 | Q38: 0 | R38: 0 | S38: 0 | T38: 0 | U38: 0 | V38: 0 | W38: 0 | X38: 0 | Y38: 0 | Z38: 0 | AA38: 0 | AB38: 0 | AC38: 0 | AD38: 0 | AE38: =SUM(F38:AD38)-E38 -> 0
A39: 45830 | B39: Common Plate | C39: 1 | D39: Transfer | E39: 40 | F39: 0 | G39: 0 | H39: 40 | I39: 0 | J39: 0 | K39: 0 | L39: 0 | M39: 0 | N39: 0 | O39: 0 | P39: 0 | Q39: 0 | R39: 0 | S39: 0 | T39: 0 | U39: 0 | V39: 0 | W39: 0 | X39: 0 | Y39: 0 | Z39: 0 | AA39: 0 | AB39: 0 | AC39: 0 | AD39: 0 | AE39: =SUM(F39:AD39)-E39 -> 0
A40: 45837 | B40: Common Plate | C40: 1 | D40: 500594 | E40: 100 | F40: 0 | G40: 0 | H40: 100 | I40: 0 | J40: 0 | K40: 0 | L40: 0 | M40: 0 | N40: 0 | O40: 0 | P40: 0 | Q40: 0 | R40: 0 | S40: 0 | T40: 0 | U40: 0 | V40: 0 | W40: 0 | X40: 0 | Y40: 0 | Z40: 0 | AA40: 0 | AB40: 0 | AC40: 0 | AD40: 0 | AE40: =SUM(F40:AD40)-E40 -> 0
A41: 45838 | B41: McKean | C41: 1 | D41: D/D | E41: 13 | F41: 0 | G41: 13 | H41: 0 | I41: 0 | J41: 0 | K41: 0 | L41: 0 | M41: 0 | N41: 0 | O41: 0 | P41: 0 | Q41: 0 | R41: 0 | S41: 0 | T41: 0 | U41: 0 | V41: 0 | W41: 0 | X41: 0 | Y41: 0 | Z41: 0 | AA41: 0 | AB41: 0 | AC41: 0 | AD41: 0 | AE41: =SUM(F41:AD41)-E41 -> 0
A42: 45839 | B42: Herries | C42: 1 | D42: D/D | E42: 500 | F42: 0 | G42: 500 | H42: 0 | I42: 0 | J42: 0 | K42: 0 | L42: 0 | M42: 0 | N42: 0 | O42: 0 | P42: 0 | Q42: 0 | R42: 0 | S42: 0 | T42: 0 | U42: 0 | V42: 0 | W42: 0 | X42: 0 | Y42: 0 | Z42: 0 | AA42: 0 | AB42: 0 | AC42: 0 | AD42: 0 | AE42: =SUM(F42:AD42)-E42 -> 0
A43: 45844 | B43: Common Plate | C43: 1 | E43: 0 | F43: 0 | G43: 0 | H43: 0 | I43: 0 | J43: 0 | K43: 0 | L43: 0 | M43: 0 | N43: 0 | O43: 0 | P43: 0 | Q43: 0 | R43: 0 | S43: 0 | T43: 0 | U43: 0 | V43: 0 | W43: 0 | X43: 0 | Y43: 0 | Z43: 0 | AA43: 0 | AB43: 0 | AC43: 0 | AD43: 0 | AE43: =SUM(F43:AD43)-E43 -> 0
A44: 45851 | B44: Common Plate | C44: 1 | D44: 500595 | E44: 65 | F44: 0 | G44: 0 | H44: 65 | I44: 0 | J44: 0 | K44: 0 | L44: 0 | M44: 0 | N44: 0 | O44: 0 | P44: 0 | Q44: 0 | R44: 0 | S44: 0 | T44: 0 | U44: 0 | V44: 0 | W44: 0 | X44: 0 | Y44: 0 | Z44: 0 | AA44: 0 | AB44: 0 | AC44: 0 | AD44: 0 | AE44: =SUM(F44:AD44)-E44 -> 0
A45: 45858 | B45: Common Plate | C45: 1 | D45: Transfer | E45: 92 | F45: 0 | G45: 0 | H45: 92 | I45: 0 | J45: 0 | K45: 0 | L45: 0 | M45: 0 | N45: 0 | O45: 0 | P45: 0 | Q45: 0 | R45: 0 | S45: 0 | T45: 0 | U45: 0 | V45: 0 | W45: 0 | X45: 0 | Y45: 0 | Z45: 0 | AA45: 0 | AB45: 0 | AC45: 0 | AD45: 0 | AE45: =SUM(F45:AD45)-E45 -> 0
A46: 45865 | B46: Common Plate | C46: 1 | D46: Transfer | E46: 242 | F46: 0 | G46: 0 | H46: 242 | I46: 0 | J46: 0 | K46: 0 | L46: 0 | M46: 0 | N46: 0 | O46: 0 | P46: 0 | Q46: 0 | R46: 0 | S46: 0 | T46: 0 | U46: 0 | V46: 0 | W46: 0 | X46: 0 | Y46: 0 | Z46: 0 | AA46: 0 | AB46: 0 | AC46: 0 | AD46: 0 | AE46: =SUM(F46:AD46)-E46 -> 0
A47: 45869 | B47: McKean | C47: 1 | D47: D/D | E47: 13 | F47: 0 | G47: 13 | H47: 0 | I47: 0 | J47: 0 | K47: 0 | L47: 0 | M47: 0 | N47: 0 | O47: 0 | P47: 0 | Q47: 0 | R47: 0 | S47: 0 | T47: 0 | U47: 0 | V47: 0 | W47: 0 | X47: 0 | Y47: 0 | Z47: 0 | AA47: 0 | AB47: 0 | AC47: 0 | AD47: 0 | AE47: =SUM(F47:AD47)-E47 -> 0
A48: 45872 | B48: Common Plate | C48: 1 | D48: Transfer | E48: 120 | F48: 0 | G48: 0 | H48: 120 | I48: 0 | J48: 0 | K48: 0 | L48: 0 | M48: 0 | N48: 0 | O48: 0 | P48: 0 | Q48: 0 | R48: 0 | S48: 0 | T48: 0 | U48: 0 | V48: 0 | W48: 0 | X48: 0 | Y48: 0 | Z48: 0 | AA48: 0 | AB48: 0 | AC48: 0 | AD48: 0 | AE48: =SUM(F48:AD48)-E48 -> 0
A49: 45879 | B49: Common Plate | C49: 1 | D49: Transfer | E49: 110 | F49: 0 | G49: 0 | H49: 110 | I49: 0 | J49: 0 | K49: 0 | L49: 0 | M49: 0 | N49: 0 | O49: 0 | P49: 0 | Q49: 0 | R49: 0 | S49: 0 | T49: 0 | U49: 0 | V49: 0 | W49: 0 | X49: 0 | Y49: 0 | Z49: 0 | AA49: 0 | AB49: 0 | AC49: 0 | AD49: 0 | AE49: =SUM(F49:AD49)-E49 -> 0
A50: 45886 | B50: Common Plate | C50: 1 | D50: Transfer | E50: 90 | F50: 0 | G50: 0 | H50: 90 | I50: 0 | J50: 0 | K50: 0 | L50: 0 | M50: 0 | N50: 0 | O50: 0 | P50: 0 | Q50: 0 | R50: 0 | S50: 0 | T50: 0 | U50: 0 | V50: 0 | W50: 0 | X50: 0 | Y50: 0 | Z50: 0 | AA50: 0 | AB50: 0 | AC50: 0 | AD50: 0 | AE50: =SUM(F50:AD50)-E50 -> 0
A51: 45893 | B51: Common Plate | C51: 1 | D51: Transfer | E51: 100 | F51: 0 | G51: 0 | H51: 100 | I51: 0 | J51: 0 | K51: 0 | L51: 0 | M51: 0 | N51: 0 | O51: 0 | P51: 0 | Q51: 0 | R51: 0 | S51: 0 | T51: 0 | U51: 0 | V51: 0 | W51: 0 | X51: 0 | Y51: 0 | Z51: 0 | AA51: 0 | AB51: 0 | AC51: 0 | AD51: 0 | AE51: =SUM(F51:AD51)-E51 -> 0
A52: 45900 | B52: Common Plate | C52: 1 | D52: Transfer | E52: 75 | F52: 0 | G52: 0 | H52: 75 | I52: 0 | J52: 0 | K52: 0 | L52: 0 | M52: 0 | N52: 0 | O52: 0 | P52: 0 | Q52: 0 | R52: 0 | S52: 0 | T52: 0 | U52: 0 | V52: 0 | W52: 0 | X52: 0 | Y52: 0 | Z52: 0 | AA52: 0 | AB52: 0 | AC52: 0 | AD52: 0 | AE52: =SUM(F52:AD52)-E52 -> 0
A53: 45900 | B53: McKean | C53: 1 | D53: D/D | E53: 13 | F53: 0 | G53: 13 | H53: 0 | I53: 0 | J53: 0 | K53: 0 | L53: 0 | M53: 0 | N53: 0 | O53: 0 | P53: 0 | Q53: 0 | R53: 0 | S53: 0 | T53: 0 | U53: 0 | V53: 0 | W53: 0 | X53: 0 | Y53: 0 | Z53: 0 | AA53: 0 | AB53: 0 | AC53: 0 | AD53: 0 | AE53: =SUM(F53:AD53)-E53 -> 0
A54: 45907 | B54: Common Plate | C54: 1 | D54: Transfer | E54: 120 | F54: 0 | G54: 0 | H54: 120 | I54: 0 | J54: 0 | K54: 0 | L54: 0 | M54: 0 | N54: 0 | O54: 0 | P54: 0 | Q54: 0 | R54: 0 | S54: 0 | T54: 0 | U54: 0 | V54: 0 | W54: 0 | X54: 0 | Y54: 0 | Z54: 0 | AA54: 0 | AB54: 0 | AC54: 0 | AD54: 0 | AE54: =SUM(F54:AD54)-E54 -> 0
A55: 45914 | B55: Common Plate | C55: 1 | D55: Transfer | E55: 115 | F55: 0 | G55: 0 | H55: 115 | I55: 0 | J55: 0 | K55: 0 | L55: 0 | M55: 0 | N55: 0 | O55: 0 | P55: 0 | Q55: 0 | R55: 0 | S55: 0 | T55: 0 | U55: 0 | V55: 0 | W55: 0 | X55: 0 | Y55: 0 | Z55: 0 | AA55: 0 | AB55: 0 | AC55: 0 | AD55: 0 | AE55: =SUM(F55:AD55)-E55 -> 0
A56: 45915 | B56: Interest | C56: 1 | D56: Transfer | E56: 60 | F56: 60 | G56: 0 | H56: 0 | I56: 0 | J56: 0 | K56: 0 | L56: 0 | M56: 0 | N56: 0 | O56: 0 | P56: 0 | Q56: 0 | R56: 0 | S56: 0 | T56: 0 | U56: 0 | V56: 0 | W56: 0 | X56: 0 | Y56: 0 | Z56: 0 | AA56: 0 | AB56: 0 | AC56: 0 | AD56: 0 | AE56: =SUM(F56:AD56)-E56 -> 0
A57: 45921 | B57: Common Plate | C57: 1 | D57: Transfer | E57: 80 | F57: 0 | G57: 0 | H57: 80 | I57: 0 | J57: 0 | K57: 0 | L57: 0 | M57: 0 | N57: 0 | O57: 0 | P57: 0 | Q57: 0 | R57: 0 | S57: 0 | T57: 0 | U57: 0 | V57: 0 | W57: 0 | X57: 0 | Y57: 0 | Z57: 0 | AA57: 0 | AB57: 0 | AC57: 0 | AD57: 0 | AE57: =SUM(F57:AD57)-E57 -> 0
A58: 45928 | B58: Common Plate | C58: 1 | E58: 0 | F58: 0 | G58: 0 | H58: 0 | I58: 0 | J58: 0 | K58: 0 | L58: 0 | M58: 0 | N58: 0 | O58: 0 | P58: 0 | Q58: 0 | R58: 0 | S58: 0 | T58: 0 | U58: 0 | V58: 0 | W58: 0 | X58: 0 | Y58: 0 | Z58: 0 | AA58: 0 | AB58: 0 | AC58: 0 | AD58: 0 | AE58: =SUM(F58:AD58)-E58 -> 0
A59: 45930 | B59: McKean | C59: 1 | D59: D/D | E59: 13 | F59: 0 | G59: 13 | H59: 0 | I59: 0 | J59: 0 | K59: 0 | L59: 0 | M59: 0 | N59: 0 | O59: 0 | P59: 0 | Q59: 0 | R59: 0 | S59: 0 | T59: 0 | U59: 0 | V59: 0 | W59: 0 | X59: 0 | Y59: 0 | Z59: 0 | AA59: 0 | AB59: 0 | AC59: 0 | AD59: 0 | AE59: =SUM(F59:AD59)-E59 -> 0
A60: 45931 | B60: Herries | C60: 1 | D60: D/D | E60: 500 | F60: 0 | G60: 500 | H60: 0 | I60: 0 | J60: 0 | K60: 0 | L60: 0 | M60: 0 | N60: 0 | O60: 0 | P60: 0 | Q60: 0 | R60: 0 | S60: 0 | T60: 0 | U60: 0 | V60: 0 | W60: 0 | X60: 0 | Y60: 0 | Z60: 0 | AA60: 0 | AB60: 0 | AC60: 0 | AD60: 0 | AE60: =SUM(F60:AD60)-E60 -> 0
A61: 45935 | B61: Common Plate | C61: 1 | E61: 0 | F61: 0 | G61: 0 | H61: 0 | I61: 0 | J61: 0 | K61: 0 | L61: 0 | M61: 0 | N61: 0 | O61: 0 | P61: 0 | Q61: 0 | R61: 0 | S61: 0 | T61: 0 | U61: 0 | V61: 0 | W61: 0 | X61: 0 | Y61: 0 | Z61: 0 | AA61: 0 | AB61: 0 | AC61: 0 | AD61: 0 | AE61: =SUM(F61:AD61)-E61 -> 0
A62: 45943 | B62: Common Plate | C62: 1 | E62: 105 | F62: 0 | G62: 0 | H62: 105 | I62: 0 | J62: 0 | K62: 0 | L62: 0 | M62: 0 | N62: 0 | O62: 0 | P62: 0 | Q62: 0 | R62: 0 | S62: 0 | T62: 0 | U62: 0 | V62: 0 | W62: 0 | X62: 0 | Y62: 0 | Z62: 0 | AA62: 0 | AB62: 0 | AC62: 0 | AD62: 0 | AE62: =SUM(F62:AD62)-E62 -> 0
A63: 45943 | B63: Common Plate | C63: 1 | E63: 100 | F63: 0 | G63: 0 | H63: 100 | I63: 0 | J63: 0 | K63: 0 | L63: 0 | M63: 0 | N63: 0 | O63: 0 | P63: 0 | Q63: 0 | R63: 0 | S63: 0 | T63: 0 | U63: 0 | V63: 0 | W63: 0 | X63: 0 | Y63: 0 | Z63: 0 | AA63: 0 | AB63: 0 | AC63: 0 | AD63: 0 | AE63: =SUM(F63:AD63)-E63 -> 0
A64: 45950 | B64: Common Plate | C64: 1 | E64: 70 | F64: 0 | G64: 0 | H64: 70 | I64: 0 | J64: 0 | K64: 0 | L64: 0 | M64: 0 | N64: 0 | O64: 0 | P64: 0 | Q64: 0 | R64: 0 | S64: 0 | T64: 0 | U64: 0 | V64: 0 | W64: 0 | X64: 0 | Y64: 0 | Z64: 0 | AA64: 0 | AB64: 0 | AC64: 0 | AD64: 0 | AE64: =SUM(F64:AD64)-E64 -> 0
A65: 45957 | B65: Common Plate | C65: 1 | E65: 140 | F65: 0 | G65: 0 | H65: 140 | I65: 0 | J65: 0 | K65: 0 | L65: 0 | M65: 0 | N65: 0 | O65: 0 | P65: 0 | Q65: 0 | R65: 0 | S65: 0 | T65: 0 | U65: 0 | V65: 0 | W65: 0 | X65: 0 | Y65: 0 | Z65: 0 | AA65: 0 | AB65: 0 | AC65: 0 | AD65: 0 | AE65: =SUM(F65:AD65)-E65 -> 0
A66: 45960 | B66: McKean | C66: 1 | D66: D/D | E66: 13 | F66: 0 | G66: 13 | H66: 0 | I66: 0 | J66: 0 | K66: 0 | L66: 0 | M66: 0 | N66: 0 | O66: 0 | P66: 0 | Q66: 0 | R66: 0 | S66: 0 | T66: 0 | U66: 0 | V66: 0 | W66: 0 | X66: 0 | Y66: 0 | Z66: 0 | AA66: 0 | AB66: 0 | AC66: 0 | AD66: 0 | AE66: =SUM(F66:AD66)-E66 -> 0
A67: 45964 | B67: Common Plate | C67: 1 | E67: 174 | F67: 0 | G67: 0 | H67: 174 | I67: 0 | J67: 0 | K67: 0 | L67: 0 | M67: 0 | N67: 0 | O67: 0 | P67: 0 | Q67: 0 | R67: 0 | S67: 0 | T67: 0 | U67: 0 | V67: 0 | W67: 0 | X67: 0 | Y67: 0 | Z67: 0 | AA67: 0 | AB67: 0 | AC67: 0 | AD67: 0 | AE67: =SUM(F67:AD67)-E67 -> 0
A68: 45966 | B68: Gift Aid Repayment | C68: 1 | E68: 3654.21 | F68: 0 | G68: 0 | H68: 0 | I68: 0 | J68: 0 | K68: 0 | L68: 0 | M68: 0 | N68: 0 | O68: 0 | P68: 0 | Q68: 0 | R68: 3654.21 | S68: 0 | T68: 0 | U68: 0 | V68: 0 | W68: 0 | X68: 0 | Y68: 0 | Z68: 0 | AA68: 0 | AB68: 0 | AC68: 0 | AD68: 0 | AE68: =SUM(F68:AD68)-E68 -> 0
A69: 45971 | B69: Common Plate | C69: 1 | E69: 70 | F69: 0 | G69: 0 | H69: 70 | I69: 0 | J69: 0 | K69: 0 | L69: 0 | M69: 0 | N69: 0 | O69: 0 | P69: 0 | Q69: 0 | R69: 0 | S69: 0 | T69: 0 | U69: 0 | V69: 0 | W69: 0 | X69: 0 | Y69: 0 | Z69: 0 | AA69: 0 | AB69: 0 | AC69: 0 | AD69: 0 | AE69: =SUM(F69:AD69)-E69 -> 0
A70: 45978 | B70: Common Plate | C70: 1 | E70: 85 | F70: 0 | G70: 0 | H70: 85 | I70: 0 | J70: 0 | K70: 0 | L70: 0 | M70: 0 | N70: 0 | O70: 0 | P70: 0 | Q70: 0 | R70: 0 | S70: 0 | T70: 0 | U70: 0 | V70: 0 | W70: 0 | X70: 0 | Y70: 0 | Z70: 0 | AA70: 0 | AB70: 0 | AC70: 0 | AD70: 0 | AE70: =SUM(F70:AD70)-E70 -> 0
A71: 45978 | B71: Interest | C71: 1 | E71: 91.2 | F71: 91.2 | G71: 0 | H71: 0 | I71: 0 | J71: 0 | K71: 0 | L71: 0 | M71: 0 | N71: 0 | O71: 0 | P71: 0 | Q71: 0 | R71: 0 | S71: 0 | T71: 0 | U71: 0 | V71: 0 | W71: 0 | X71: 0 | Y71: 0 | Z71: 0 | AA71: 0 | AB71: 0 | AC71: 0 | AD71: 0 | AE71: =SUM(F71:AD71)-E71 -> 0
A72: 45985 | B72: Common Plate | C72: 1 | E72: 75 | F72: 0 | G72: 0 | H72: 75 | I72: 0 | J72: 0 | K72: 0 | L72: 0 | M72: 0 | N72: 0 | O72: 0 | P72: 0 | Q72: 0 | R72: 0 | S72: 0 | T72: 0 | U72: 0 | V72: 0 | W72: 0 | X72: 0 | Y72: 0 | Z72: 0 | AA72: 0 | AB72: 0 | AC72: 0 | AD72: 0 | AE72: =SUM(F72:AD72)-E72 -> 0
A73: 45992 | B73: Common Plate | C73: 1 | E73: 95 | F73: 0 | G73: 0 | H73: 95 | I73: 0 | J73: 0 | K73: 0 | L73: 0 | M73: 0 | N73: 0 | O73: 0 | P73: 0 | Q73: 0 | R73: 0 | S73: 0 | T73: 0 | U73: 0 | V73: 0 | W73: 0 | X73: 0 | Y73: 0 | Z73: 0 | AA73: 0 | AB73: 0 | AC73: 0 | AD73: 0 | AE73: =SUM(F73:AD73)-E73 -> 0
A74: 45992 | B74: McKean | C74: 1 | D74: D/D | E74: 13 | F74: 0 | G74: 13 | H74: 0 | I74: 0 | J74: 0 | K74: 0 | L74: 0 | M74: 0 | N74: 0 | O74: 0 | P74: 0 | Q74: 0 | R74: 0 | S74: 0 | T74: 0 | U74: 0 | V74: 0 | W74: 0 | X74: 0 | Y74: 0 | Z74: 0 | AA74: 0 | AB74: 0 | AC74: 0 | AD74: 0 | AE74: =SUM(F74:AD74)-E74 -> 0
A75: 45999 | B75: Common Plate | C75: 1 | E75: 120 | F75: 0 | G75: 0 | H75: 120 | I75: 0 | J75: 0 | K75: 0 | L75: 0 | M75: 0 | N75: 0 | O75: 0 | P75: 0 | Q75: 0 | R75: 0 | S75: 0 | T75: 0 | U75: 0 | V75: 0 | W75: 0 | X75: 0 | Y75: 0 | Z75: 0 | AA75: 0 | AB75: 0 | AC75: 0 | AD75: 0 | AE75: =SUM(F75:AD75)-E75 -> 0
A76: 46000 | B76: Riddick Bond | C76: 1 | E76: 250 | F76: 0 | G76: 0 | H76: 0 | I76: 0 | J76: 250 | K76: 0 | L76: 0 | M76: 0 | N76: 0 | O76: 0 | P76: 0 | Q76: 0 | R76: 0 | S76: 0 | T76: 0 | U76: 0 | V76: 0 | W76: 0 | X76: 0 | Y76: 0 | Z76: 0 | AA76: 0 | AB76: 0 | AC76: 0 | AD76: 0 | AE76: =SUM(F76:AD76)-E76 -> 0
A77: 46006 | B77: Common Plate | C77: 1 | E77: 108 | F77: 0 | G77: 0 | H77: 108 | I77: 0 | J77: 0 | K77: 0 | L77: 0 | M77: 0 | N77: 0 | O77: 0 | P77: 0 | Q77: 0 | R77: 0 | S77: 0 | T77: 0 | U77: 0 | V77: 0 | W77: 0 | X77: 0 | Y77: 0 | Z77: 0 | AA77: 0 | AB77: 0 | AC77: 0 | AD77: 0 | AE77: =SUM(F77:AD77)-E77 -> 0
A78: 46013 | B78: Common Plate | C78: 1 | E78: 205 | F78: 0 | G78: 0 | H78: 205 | I78: 0 | J78: 0 | K78: 0 | L78: 0 | M78: 0 | N78: 0 | O78: 0 | P78: 0 | Q78: 0 | R78: 0 | S78: 0 | T78: 0 | U78: 0 | V78: 0 | W78: 0 | X78: 0 | Y78: 0 | Z78: 0 | AA78: 0 | AB78: 0 | AC78: 0 | AD78: 0 | AE78: =SUM(F78:AD78)-E78 -> 0
A79: 46021 | B79: McKean | C79: 1 | D79: D/D | E79: 13 | F79: 0 | G79: 13 | H79: 0 | I79: 0 | J79: 0 | K79: 0 | L79: 0 | M79: 0 | N79: 0 | O79: 0 | P79: 0 | Q79: 0 | R79: 0 | S79: 0 | T79: 0 | U79: 0 | V79: 0 | W79: 0 | X79: 0 | Y79: 0 | Z79: 0 | AA79: 0 | AB79: 0 | AC79: 0 | AD79: 0 | AE79: =SUM(F79:AD79)-E79 -> 0
A80: 45658 | C80: 1 | E80: 0 | F80: 0 | G80: 0 | H80: 0 | I80: 0 | J80: 0 | K80: 0 | L80: 0 | M80: 0 | N80: 0 | O80: 0 | P80: 0 | Q80: 0 | R80: 0 | S80: 0 | T80: 0 | U80: 0 | V80: 0 | W80: 0 | X80: 0 | Y80: 0 | Z80: 0 | AA80: 0 | AB80: 0 | AC80: 0 | AD80: 0 | AE80: =SUM(F80:AD80)-E80 -> 0
A81: 45658 | C81: 1 | E81: 0 | F81: 0 | G81: 0 | H81: 0 | I81: 0 | J81: 0 | K81: 0 | L81: 0 | M81: 0 | N81: 0 | O81: 0 | P81: 0 | Q81: 0 | R81: 0 | S81: 0 | T81: 0 | U81: 0 | V81: 0 | W81: 0 | X81: 0 | Y81: 0 | Z81: 0 | AA81: 0 | AB81: 0 | AC81: 0 | AD81: 0 | AE81: =SUM(F81:AD81)-E81 -> 0
A82: 45658 | C82: 1 | E82: 0 | F82: 0 | G82: 0 | H82: 0 | I82: 0 | J82: 0 | K82: 0 | L82: 0 | M82: 0 | N82: 0 | O82: 0 | P82: 0 | Q82: 0 | R82: 0 | S82: 0 | T82: 0 | U82: 0 | V82: 0 | W82: 0 | X82: 0 | Y82: 0 | Z82: 0 | AA82: 0 | AB82: 0 | AC82: 0 | AD82: 0 | AE82: =SUM(F82:AD82)-E82 -> 0
A83: 45658 | C83: 1 | E83: 0 | F83: 0 | G83: 0 | H83: 0 | I83: 0 | J83: 0 | K83: 0 | L83: 0 | M83: 0 | N83: 0 | O83: 0 | P83: 0 | Q83: 0 | R83: 0 | S83: 0 | T83: 0 | U83: 0 | V83: 0 | W83: 0 | X83: 0 | Y83: 0 | Z83: 0 | AA83: 0 | AB83: 0 | AC83: 0 | AD83: 0 | AE83: =SUM(F83:AD83)-E83 -> 0
A84: 45658 | C84: 1 | E84: 0 | F84: 0 | G84: 0 | H84: 0 | I84: 0 | J84: 0 | K84: 0 | L84: 0 | M84: 0 | N84: 0 | O84: 0 | P84: 0 | Q84: 0 | R84: 0 | S84: 0 | T84: 0 | U84: 0 | V84: 0 | W84: 0 | X84: 0 | Y84: 0 | Z84: 0 | AA84: 0 | AB84: 0 | AC84: 0 | AD84: 0 | AE84: =SUM(F84:AD84)-E84 -> 0
A85: 45658 | C85: 1 | E85: 0 | F85: 0 | G85: 0 | H85: 0 | I85: 0 | J85: 0 | K85: 0 | L85: 0 | M85: 0 | N85: 0 | O85: 0 | P85: 0 | Q85: 0 | R85: 0 | S85: 0 | T85: 0 | U85: 0 | V85: 0 | W85: 0 | X85: 0 | Y85: 0 | Z85: 0 | AA85: 0 | AB85: 0 | AC85: 0 | AD85: 0 | AE85: =SUM(F85:AD85)-E85 -> 0
A86: 45658 | C86: 1 | E86: 0 | F86: 0 | G86: 0 | H86: 0 | I86: 0 | J86: 0 | K86: 0 | L86: 0 | M86: 0 | N86: 0 | O86: 0 | P86: 0 | Q86: 0 | R86: 0 | S86: 0 | T86: 0 | U86: 0 | V86: 0 | W86: 0 | X86: 0 | Y86: 0 | Z86: 0 | AA86: 0 | AB86: 0 | AC86: 0 | AD86: 0 | AE86: =SUM(F86:AD86)-E86 -> 0
A87: 45658 | C87: 1 | E87: 0 | F87: 0 | G87: 0 | H87: 0 | I87: 0 | J87: 0 | K87: 0 | L87: 0 | M87: 0 | N87: 0 | O87: 0 | P87: 0 | Q87: 0 | R87: 0 | S87: 0 | T87: 0 | U87: 0 | V87: 0 | W87: 0 | X87: 0 | Y87: 0 | Z87: 0 | AA87: 0 | AB87: 0 | AC87: 0 | AD87: 0 | AE87: =SUM(F87:AD87)-E87 -> 0
A88: 45658 | C88: 1 | E88: 0 | F88: 0 | G88: 0 | H88: 0 | I88: 0 | J88: 0 | K88: 0 | L88: 0 | M88: 0 | N88: 0 | O88: 0 | P88: 0 | Q88: 0 | R88: 0 | S88: 0 | T88: 0 | U88: 0 | V88: 0 | W88: 0 | X88: 0 | Y88: 0 | Z88: 0 | AA88: 0 | AB88: 0 | AC88: 0 | AD88: 0 | AE88: =SUM(F88:AD88)-E88 -> 0
A89: 45658 | C89: 1 | E89: 0 | F89: 0 | G89: 0 | H89: 0 | I89: 0 | J89: 0 | K89: 0 | L89: 0 | M89: 0 | N89: 0 | O89: 0 | P89: 0 | Q89: 0 | R89: 0 | S89: 0 | T89: 0 | U89: 0 | V89: 0 | W89: 0 | X89: 0 | Y89: 0 | Z89: 0 | AA89: 0 | AB89: 0 | AC89: 0 | AD89: 0 | AE89: =SUM(F89:AD89)-E89 -> 0
A90: 45658 | C90: 1 | E90: 0 | F90: 0 | G90: 0 | H90: 0 | I90: 0 | J90: 0 | K90: 0 | L90: 0 | M90: 0 | N90: 0 | O90: 0 | P90: 0 | Q90: 0 | R90: 0 | S90: 0 | T90: 0 | U90: 0 | V90: 0 | W90: 0 | X90: 0 | Y90: 0 | Z90: 0 | AA90: 0 | AB90: 0 | AC90: 0 | AD90: 0 | AE90: =SUM(F90:AD90)-E90 -> 0
A91: 45658 | C91: 1 | E91: 0 | F91: 0 | G91: 0 | H91: 0 | I91: 0 | J91: 0 | K91: 0 | L91: 0 | M91: 0 | N91: 0 | O91: 0 | P91: 0 | Q91: 0 | R91: 0 | S91: 0 | T91: 0 | U91: 0 | V91: 0 | W91: 0 | X91: 0 | Y91: 0 | Z91: 0 | AA91: 0 | AB91: 0 | AC91: 0 | AD91: 0 | AE91: =SUM(F91:AD91)-E91 -> 0
... A94: 45658 | C94: 1 | E94: 0 | F94: 0 | G94: 0 | H94: 0 | I94: 0 | J94: 0 | K94: 0 | L94: 0 | M94: 0 | N94: 0 | O94: 0 | P94: 0 | Q94: 0 | R94: 0 | S94: 0 | T94: 0 | U94: 0 | V94: 0 | W94: 0 | X94: 0 | Y94: 0 | Z94: 0 | AA94: 0 | AB94: 0 | AC94: 0 | AD94: 0 | AE94: =SUM(F94:AD94)-E94 -> 0
A95: 45658 | C95: 1 | D95: Transfer | E95: 0 | F95: 0 | G95: 0 | H95: 0 | I95: 0 | J95: 0 | K95: 0 | L95: 0 | M95: 0 | N95: 0 | O95: 0 | P95: 0 | Q95: 0 | R95: 0 | S95: 0 | T95: 0 | U95: 0 | V95: 0 | W95: 0 | X95: 0 | Y95: 0 | Z95: 0 | AA95: 0 | AB95: 0 | AC95: 0 | AD95: 0 | AE95: =SUM(F95:AD95)-E95 -> 0
A96: 45658 | C96: 1 | D96: Interest | E96: 0 | F96: 0 | G96: 0 | H96: 0 | I96: 0 | J96: 0 | K96: 0 | L96: 0 | M96: 0 | N96: 0 | O96: 0 | P96: 0 | Q96: 0 | R96: 0 | S96: 0 | T96: 0 | U96: 0 | V96: 0 | W96: 0 | X96: 0 | Y96: 0 | Z96: 0 | AA96: 0 | AB96: 0 | AC96: 0 | AD96: 0 | AE96: =SUM(F96:AD96)-E96 -> 0
A97: 45658 | C97: 1 | D97: S/O | E97: 0 | F97: 0 | G97: 0 | H97: 0 | I97: 0 | J97: 0 | K97: 0 | L97: 0 | M97: 0 | N97: 0 | O97: 0 | P97: 0 | Q97: 0 | R97: 0 | S97: 0 | T97: 0 | U97: 0 | V97: 0 | W97: 0 | X97: 0 | Y97: 0 | Z97: 0 | AA97: 0 | AB97: 0 | AC97: 0 | AD97: 0 | AE97: =SUM(F97:AD97)-E97 -> 0
A98: 45658 | C98: 1 | D98: D/D | E98: 0 | F98: 0 | G98: 0 | H98: 0 | I98: 0 | J98: 0 | K98: 0 | L98: 0 | M98: 0 | N98: 0 | O98: 0 | P98: 0 | Q98: 0 | R98: 0 | S98: 0 | T98: 0 | U98: 0 | V98: 0 | W98: 0 | X98: 0 | Y98: 0 | Z98: 0 | AA98: 0 | AB98: 0 | AC98: 0 | AD98: 0 | AE98: =SUM(F98:AD98)-E98 -> 0
C99: 1 | E99: 0 | F99: 0 | G99: 0 | H99: 0 | I99: 0 | J99: 0 | K99: 0 | L99: 0 | M99: 0 | N99: 0 | O99: 0 | P99: 0 | Q99: 0 | R99: 0 | S99: 0 | T99: 0 | U99: 0 | V99: 0 | W99: 0 | X99: 0 | Y99: 0 | Z99: 0 | AA99: 0 | AB99: 0 | AC99: 0 | AD99: 0 | AE99: =SUM(F99:AD99)-E99 -> 0
E100: =SUM(E2:E99) -> 11899.76 | F100: =SUM(F2:F99) -> 427.8 | G100: =SUM(G2:G99) -> 2156 | H100: =SUM(H2:H99) -> 4811.75 | I100: =SUM(I2:I99) -> 0 | J100: =SUM(J2:J99) -> 250 | K100: =SUM(K2:K99) -> 0 | L100: =SUM(L2:L99) -> 0 | ... AD100: =SUM(AD2:AD99) -> 0
F102: =SUM(F100:AD100) -> 11899.76 | G102: =G100+H100+I100+J100 -> 7217.75 | H102: =G100+H100+I100+J100 -> 7217.75 | P102: 3 | Q102: 1
F104: =SUM(E100-F102) -> 3.6379788e-12
...

Sheet 2025 Expenses
A1: Date | B1: DESCRIPTION | C1: REF / CHQ No | D1: EXPENSES | E1: MINISTERS SALARY & LOCUM COSTS | F1: SPARE | G1: HEAT & LIGHT | H1: CHURCH OFFICER | J1: FLOWERS, CANDLES & OTHER DECORATIONS Etc | K1: HALL RENT - SUNDAY SCHOOL & OTHER EVENTS | L1: SPARE | M1: ORGANIST WAGES | N1: PULPIT SUPPLY | O1: RETIRAL & OTHER PRESENTATIONS | P1: MINISTERS TELEPHONE | Q1: MANSE COUNCIL TAX | R1: MANSE REPAIRS | S1: MINISTERS TRAVELLING EXPENSES | T1: LIFE & WORK | U1: FLORENCE CRAIG | V1: PRINT/STAT, CLEANING MATERIALS Etc., | W1: COMMUNION & FELLOWSHIP EXPENSES | X1: CHURCH REPAIRS | Y1: CHURCH INSURANCE | Z1: SPARE | AA1: DONATIONS TO CHRISTIAN AID | AB1: SOUND SYSTEM & PROJECTOR | AC1: FLOWER FESTIVAL | AD1: SPARE | AE1: CONCERTS & OTHER FUND RAISING EVENTS | AF1: PRESBYTERY DUES | AG1: ORGAN REPAIRS | AH1: FUNERAL & WEDDING EXPENSES | AI1: SPARE | AJ1: FABRIC FUND
A2: 45680 | B2: Ministers Salary | C2: D/D | D2: 695 | E2: 695 | F2: 0 | G2: 0 | H2: 0 | I2: 0 | J2: 0 | K2: 0 | L2: 0 | M2: 0 | N2: 0 | O2: 0 | P2: 0 | Q2: 0 | R2: 0 | S2: 0 | T2: 0 | U2: 0 | V2: 0 | W2: 0 | X2: 0 | Y2: 0 | Z2: 0 | AA2: 0 | AB2: 0 | AC2: 0 | AD2: 0 | AE2: 0 | AF2: 0 | AG2: 0 | AH2: 0 | AI2: 0 | AJ2: 0 | AK2: =SUM(E2:AJ2)-D2 -> 0
A3: 45691 | B3: Andrea Irving | C3: D/D | D3: 86.4 | E3: 0 | F3: 0 | G3: 0 | H3: 86.4 | I3: 0 | J3: 0 | K3: 0 | L3: 0 | M3: 0 | N3: 0 | O3: 0 | P3: 0 | Q3: 0 | R3: 0 | S3: 0 | T3: 0 | U3: 0 | V3: 0 | W3: 0 | X3: 0 | Y3: 0 | Z3: 0 | AA3: 0 | AB3: 0 | AC3: 0 | AD3: 0 | AE3: 0 | AF3: 0 | AG3: 0 | AH3: 0 | AI3: 0 | AJ3: 0 | AK3: =SUM(E3:AJ3)-D3 -> 0
A4: 45700 | B4: Currys - Powerpoint Pointer | C4: CARD | D4: 28.99 | E4: 0 | F4: 0 | G4: 0 | H4: 0 | I4: 0 | J4: 0 | K4: 0 | L4: 0 | M4: 0 | N4: 0 | O4: 0 | P4: 0 | Q4: 0 | R4: 0 | S4: 0 | T4: 0 | U4: 0 | V4: 28.99 | W4: 0 | X4: 0 | Y4: 0 | Z4: 0 | AA4: 0 | AB4: 0 | AC4: 0 | AD4: 0 | AE4: 0 | AF4: 0 | AG4: 0 | AH4: 0 | AI4: 0 | AJ4: 0 | AK4: =SUM(E4:AJ4)-D4 -> 0
A5: 45700 | B5: Ministers Salary | C5: D/D | D5: 695 | E5: 695 | F5: 0 | G5: 0 | H5: 0 | I5: 0 | J5: 0 | K5: 0 | L5: 0 | M5: 0 | N5: 0 | O5: 0 | P5: 0 | Q5: 0 | R5: 0 | S5: 0 | T5: 0 | U5: 0 | V5: 0 | W5: 0 | X5: 0 | Y5: 0 | Z5: 0 | AA5: 0 | AB5: 0 | AC5: 0 | AD5: 0 | AE5: 0 | AF5: 0 | AG5: 0 | AH5: 0 | AI5: 0 | AJ5: 0 | AK5: =SUM(E5:AJ5)-D5 -> 0
A6: 45719 | B6: Andrea Irving | C6: D/D | D6: 86.4 | E6: 0 | F6: 0 | G6: 0 | H6: 86.4 | I6: 0 | J6: 0 | K6: 0 | L6: 0 | M6: 0 | N6: 0 | O6: 0 | P6: 0 | Q6: 0 | R6: 0 | S6: 0 | T6: 0 | U6: 0 | V6: 0 | W6: 0 | X6: 0 | Y6: 0 | Z6: 0 | AA6: 0 | AB6: 0 | AC6: 0 | AD6: 0 | AE6: 0 | AF6: 0 | AG6: 0 | AH6: 0 | AI6: 0 | AJ6: 0 | AK6: =SUM(E6:AJ6)-D6 -> 0
A7: 45728 | B7: Ministers Salary | C7: D/D | D7: 695 | E7: 695 | F7: 0 | G7: 0 | H7: 0 | I7: 0 | J7: 0 | K7: 0 | L7: 0 | M7: 0 | N7: 0 | O7: 0 | P7: 0 | Q7: 0 | R7: 0 | S7: 0 | T7: 0 | U7: 0 | V7: 0 | W7: 0 | X7: 0 | Y7: 0 | Z7: 0 | AA7: 0 | AB7: 0 | AC7: 0 | AD7: 0 | AE7: 0 | AF7: 0 | AG7: 0 | AH7: 0 | AI7: 0 | AJ7: 0 | AK7: =SUM(E7:AJ7)-D7 -> 0
A8: 45736 | B8: Organ repair - Eddie Connor | C8: 119 | D8: 250 | E8: 0 | F8: 0 | G8: 0 | H8: 0 | I8: 0 | J8: 0 | K8: 0 | L8: 0 | M8: 0 | N8: 0 | O8: 0 | P8: 0 | Q8: 0 | R8: 0 | S8: 0 | T8: 0 | U8: 0 | V8: 0 | W8: 0 | X8: 0 | Y8: 0 | Z8: 0 | AA8: 0 | AB8: 0 | AC8: 0 | AD8: 0 | AE8: 0 | AF8: 0 | AG8: 250 | AH8: 0 | AI8: 0 | AJ8: 0 | AK8: =SUM(E8:AJ8)-D8 -> 0
A9: 45741 | B9: SSE - Heat & Light | C9: D/D | D9: 1702.19 | E9: 0 | F9: 0 | G9: 1702.19 | H9: 0 | I9: 0 | J9: 0 | K9: 0 | L9: 0 | M9: 0 | N9: 0 | O9: 0 | P9: 0 | Q9: 0 | R9: 0 | S9: 0 | T9: 0 | U9: 0 | V9: 0 | W9: 0 | X9: 0 | Y9: 0 | Z9: 0 | AA9: 0 | AB9: 0 | AC9: 0 | AD9: 0 | AE9: 0 | AF9: 0 | AG9: 0 | AH9: 0 | AI9: 0 | AJ9: 0 | AK9: =SUM(E9:AJ9)-D9 -> 0
A10: 45748 | B10: Funeral Fee - Andrea Irving | C10: 120 | D10: 60 | E10: 0 | F10: 0 | G10: 0 | H10: 0 | I10: 0 | J10: 0 | K10: 0 | L10: 0 | M10: 0 | N10: 0 | O10: 0 | P10: 0 | Q10: 0 | R10: 0 | S10: 0 | T10: 0 | U10: 0 | V10: 0 | W10: 0 | X10: 0 | Y10: 0 | Z10: 0 | AA10: 0 | AB10: 0 | AC10: 0 | AD10: 0 | AE10: 0 | AF10: 0 | AG10: 0 | AH10: 60 | AI10: 0 | AJ10: 0 | AK10: =SUM(E10:AJ10)-D10 -> 0
A11: 45748 | B11: Funeral Fee - Andrea Irving | C11: 120 | D11: -60 | E11: 0 | F11: 0 | G11: 0 | H11: 0 | I11: 0 | J11: 0 | K11: 0 | L11: 0 | M11: 0 | N11: 0 | O11: 0 | P11: 0 | Q11: 0 | R11: 0 | S11: 0 | T11: 0 | U11: 0 | V11: 0 | W11: 0 | X11: 0 | Y11: 0 | Z11: 0 | AA11: 0 | AB11: 0 | AC11: 0 | AD11: 0 | AE11: 0 | AF11: 0 | AG11: 0 | AH11: -60 | AI11: 0 | AJ11: 0 | AK11: =SUM(E11:AJ11)-D11 -> 0
A12: 45748 | B12: Funeral Fee - Isobel Riddick | C12: 121 | D12: 60 | E12: 0 | F12: 0 | G12: 0 | H12: 0 | I12: 0 | J12: 0 | K12: 0 | L12: 0 | M12: 0 | N12: 0 | O12: 0 | P12: 0 | Q12: 0 | R12: 0 | S12: 0 | T12: 0 | U12: 0 | V12: 0 | W12: 0 | X12: 0 | Y12: 0 | Z12: 0 | AA12: 0 | AB12: 0 | AC12: 0 | AD12: 0 | AE12: 0 | AF12: 0 | AG12: 0 | AH12: 60 | AI12: 0 | AJ12: 0 | AK12: =SUM(E12:AJ12)-D12 -> 0
A13: 45748 | B13: Funeral Fee - Andrea Irving | C13: 122 | D13: 40 | E13: 0 | F13: 0 | G13: 0 | H13: 0 | I13: 0 | J13: 0 | K13: 0 | L13: 0 | M13: 0 | N13: 0 | O13: 0 | P13: 0 | Q13: 0 | R13: 0 | S13: 0 | T13: 0 | U13: 0 | V13: 0 | W13: 0 | X13: 0 | Y13: 0 | Z13: 0 | AA13: 0 | AB13: 0 | AC13: 0 | AD13: 0 | AE13: 0 | AF13: 0 | AG13: 0 | AH13: 40 | AI13: 0 | AJ13: 0 | AK13: =SUM(E13:AJ13)-D13 -> 0
A14: 45749 | B14: Supersave - Batteries & Candles | C14: CARD | D14: 24.95 | E14: 0 | F14: 0 | G14: 0 | H14: 0 | I14: 0 | J14: 0 | K14: 0 | L14: 0 | M14: 0 | N14: 0 | O14: 0 | P14: 0 | Q14: 0 | R14: 0 | S14: 0 | T14: 0 | U14: 0 | V14: 24.95 | W14: 0 | X14: 0 | Y14: 0 | Z14: 0 | AA14: 0 | AB14: 0 | AC14: 0 | AD14: 0 | AE14: 0 | AF14: 0 | AG14: 0 | AH14: 0 | AI14: 0 | AJ14: 0 | AK14: =SUM(E14:AJ14)-D14 -> 0
A15: 45750 | B15: Andrea Irving | C15: D/D | D15: 86.4 | E15: 0 | F15: 0 | G15: 0 | H15: 86.4 | I15: 0 | J15: 0 | K15: 0 | L15: 0 | M15: 0 | N15: 0 | O15: 0 | P15: 0 | Q15: 0 | R15: 0 | S15: 0 | T15: 0 | U15: 0 | V15: 0 | W15: 0 | X15: 0 | Y15: 0 | Z15: 0 | AA15: 0 | AB15: 0 | AC15: 0 | AD15: 0 | AE15: 0 | AF15: 0 | AG15: 0 | AH15: 0 | AI15: 0 | AJ15: 0 | AK15: =SUM(E15:AJ15)-D15 -> 0
A16: 45761 | B16: Ministers Salary | C16: D/D | D16: 695 | E16: 695 | F16: 0 | G16: 0 | H16: 0 | I16: 0 | J16: 0 | K16: 0 | L16: 0 | M16: 0 | N16: 0 | O16: 0 | P16: 0 | Q16: 0 | R16: 0 | S16: 0 | T16: 0 | U16: 0 | V16: 0 | W16: 0 | X16: 0 | Y16: 0 | Z16: 0 | AA16: 0 | AB16: 0 | AC16: 0 | AD16: 0 | AE16: 0 | AF16: 0 | AG16: 0 | AH16: 0 | AI16: 0 | AJ16: 0 | AK16: =SUM(E16:AJ16)-D16 -> 0
A17: 45777 | B17: Small Print - Communion Printing | C17: CARD | D17: 13.2 | E17: 0 | F17: 0 | G17: 0 | H17: 0 | I17: 0 | J17: 0 | K17: 0 | L17: 0 | M17: 0 | N17: 0 | O17: 0 | P17: 0 | Q17: 0 | R17: 0 | S17: 0 | T17: 0 | U17: 0 | V17: 0 | W17: 13.2 | X17: 0 | Y17: 0 | Z17: 0 | AA17: 0 | AB17: 0 | AC17: 0 | AD17: 0 | AE17: 0 | AF17: 0 | AG17: 0 | AH17: 0 | AI17: 0 | AJ17: 0 | AK17: =SUM(E17:AJ17)-D17 -> 0
A18: 45777 | B18: Small Print - Ink Cartridge | C18: CARD | D18: 61.4 | E18: 0 | F18: 0 | G18: 0 | H18: 0 | I18: 0 | J18: 0 | K18: 0 | L18: 0 | M18: 0 | N18: 0 | O18: 0 | P18: 0 | Q18: 0 | R18: 0 | S18: 0 | T18: 0 | U18: 0 | V18: 61.4 | W18: 0 | X18: 0 | Y18: 0 | Z18: 0 | AA18: 0 | AB18: 0 | AC18: 0 | AD18: 0 | AE18: 0 | AF18: 0 | AG18: 0 | AH18: 0 | AI18: 0 | AJ18: 0 | AK18: =SUM(E18:AJ18)-D18 -> 0
A19: 45779 | B19: Organist - Isobel Riddick | C19: 124 | D19: 225 | E19: 0 | F19: 0 | G19: 0 | H19: 0 | I19: 0 | J19: 0 | K19: 0 | L19: 0 | M19: 225 | N19: 0 | O19: 0 | P19: 0 | Q19: 0 | R19: 0 | S19: 0 | T19: 0 | U19: 0 | V19: 0 | W19: 0 | X19: 0 | Y19: 0 | Z19: 0 | AA19: 0 | AB19: 0 | AC19: 0 | AD19: 0 | AE19: 0 | AF19: 0 | AG19: 0 | AH19: 0 | AI19: 0 | AJ19: 0 | AK19: =SUM(E19:AJ19)-D19 -> 0
A20: 45779 | B20: Organist - Rory McLatchie | C20: 125 | D20: 200 | E20: 0 | F20: 0 | G20: 0 | H20: 0 | I20: 0 | J20: 0 | K20: 0 | L20: 0 | M20: 200 | N20: 0 | O20: 0 | P20: 0 | Q20: 0 | R20: 0 | S20: 0 | T20: 0 | U20: 0 | V20: 0 | W20: 0 | X20: 0 | Y20: 0 | Z20: 0 | AA20: 0 | AB20: 0 | AC20: 0 | AD20: 0 | AE20: 0 | AF20: 0 | AG20: 0 | AH20: 0 | AI20: 0 | AJ20: 0 | AK20: =SUM(E20:AJ20)-D20 -> 0
A21: 45780 | B21: Andrea Irving | C21: D/D | D21: 86.4 | E21: 0 | F21: 0 | G21: 0 | H21: 86.4 | I21: 0 | J21: 0 | K21: 0 | L21: 0 | M21: 0 | N21: 0 | O21: 0 | P21: 0 | Q21: 0 | R21: 0 | S21: 0 | T21: 0 | U21: 0 | V21: 0 | W21: 0 | X21: 0 | Y21: 0 | Z21: 0 | AA21: 0 | AB21: 0 | AC21: 0 | AD21: 0 | AE21: 0 | AF21: 0 | AG21: 0 | AH21: 0 | AI21: 0 | AJ21: 0 | AK21: =SUM(E21:AJ21)-D21 -> 0
A22: 45785 | B22: Currys - Ink Cartridge | C22: CARD | D22: 57.48 | E22: 0 | F22: 0 | G22: 0 | H22: 0 | I22: 0 | J22: 0 | K22: 0 | L22: 0 | M22: 0 | N22: 0 | O22: 0 | P22: 0 | Q22: 0 | R22: 0 | S22: 0 | T22: 0 | U22: 0 | V22: 57.48 | W22: 0 | X22: 0 | Y22: 0 | Z22: 0 | AA22: 0 | AB22: 0 | AC22: 0 | AD22: 0 | AE22: 0 | AF22: 0 | AG22: 0 | AH22: 0 | AI22: 0 | AJ22: 0 | AK22: =SUM(E22:AJ22)-D22 -> 0
A23: 45786 | B23: Tesco - Wine,Bread | C23: CARD | D23: 83.52 | E23: 0 | F23: 0 | G23: 0 | H23: 0 | I23: 0 | J23: 0 | K23: 0 | L23: 0 | M23: 0 | N23: 0 | O23: 0 | P23: 0 | Q23: 0 | R23: 0 | S23: 0 | T23: 0 | U23: 0 | V23: 0 | W23: 83.52 | X23: 0 | Y23: 0 | Z23: 0 | AA23: 0 | AB23: 0 | AC23: 0 | AD23: 0 | AE23: 0 | AF23: 0 | AG23: 0 | AH23: 0 | AI23: 0 | AJ23: 0 | AK23: =SUM(E23:AJ23)-D23 -> 0
A24: 45789 | B24: Ministers Salary | C24: D/D | D24: 695 | E24: 695 | F24: 0 | G24: 0 | H24: 0 | I24: 0 | J24: 0 | K24: 0 | L24: 0 | M24: 0 | N24: 0 | O24: 0 | P24: 0 | Q24: 0 | R24: 0 | S24: 0 | T24: 0 | U24: 0 | V24: 0 | W24: 0 | X24: 0 | Y24: 0 | Z24: 0 | AA24: 0 | AB24: 0 | AC24: 0 | AD24: 0 | AE24: 0 | AF24: 0 | AG24: 0 | AH24: 0 | AI24: 0 | AJ24: 0 | AK24: =SUM(E24:AJ24)-D24 -> 0
A25: 45793 | B25: Tesco - Wine,Bread | C25: D/D | D25: 12.68 | E25: 0 | F25: 0 | G25: 0 | H25: 0 | I25: 0 | J25: 0 | K25: 0 | L25: 0 | M25: 0 | N25: 0 | O25: 0 | P25: 0 | Q25: 0 | R25: 0 | S25: 0 | T25: 0 | U25: 0 | V25: 0 | W25: 12.68 | X25: 0 | Y25: 0 | Z25: 0 | AA25: 0 | AB25: 0 | AC25: 0 | AD25: 0 | AE25: 0 | AF25: 0 | AG25: 0 | AH25: 0 | AI25: 0 | AJ25: 0 | AK25: =SUM(E25:AJ25)-D25 -> 0
A26: 45811 | B26: Andrea Irving | C26: D/D | D26: 86.4 | E26: 0 | F26: 0 | G26: 0 | H26: 86.4 | I26: 0 | J26: 0 | K26: 0 | L26: 0 | M26: 0 | N26: 0 | O26: 0 | P26: 0 | Q26: 0 | R26: 0 | S26: 0 | T26: 0 | U26: 0 | V26: 0 | W26: 0 | X26: 0 | Y26: 0 | Z26: 0 | AA26: 0 | AB26: 0 | AC26: 0 | AD26: 0 | AE26: 0 | AF26: 0 | AG26: 0 | AH26: 0 | AI26: 0 | AJ26: 0 | AK26: =SUM(E26:AJ26)-D26 -> 0
A27: 45820 | B27: Ministers Salary | C27: D/D | D27: 695 | E27: 695 | F27: 0 | G27: 0 | H27: 0 | I27: 0 | J27: 0 | K27: 0 | L27: 0 | M27: 0 | N27: 0 | O27: 0 | P27: 0 | Q27: 0 | R27: 0 | S27: 0 | T27: 0 | U27: 0 | V27: 0 | W27: 0 | X27: 0 | Y27: 0 | Z27: 0 | AA27: 0 | AB27: 0 | AC27: 0 | AD27: 0 | AE27: 0 | AF27: 0 | AG27: 0 | AH27: 0 | AI27: 0 | AJ27: 0 | AK27: =SUM(E27:AJ27)-D27 -> 0
A28: 45833 | B28: Organist - Stand in Organist | C28: 125 | D28: 25 | E28: 0 | F28: 0 | G28: 0 | H28: 0 | I28: 0 | J28: 0 | K28: 0 | L28: 0 | M28: 25 | N28: 0 | O28: 0 | P28: 0 | Q28: 0 | R28: 0 | S28: 0 | T28: 0 | U28: 0 | V28: 0 | W28: 0 | X28: 0 | Y28: 0 | Z28: 0 | AA28: 0 | AB28: 0 | AC28: 0 | AD28: 0 | AE28: 0 | AF28: 0 | AG28: 0 | AH28: 0 | AI28: 0 | AJ28: 0 | AK28: =SUM(E28:AJ28)-D28 -> 0
A29: 45839 | B29: SSE - Heat & Light | C29: D/D | D29: 584.79 | E29: 0 | F29: 0 | G29: 584.79 | H29: 0 | I29: 0 | J29: 0 | K29: 0 | L29: 0 | M29: 0 | N29: 0 | O29: 0 | P29: 0 | Q29: 0 | R29: 0 | S29: 0 | T29: 0 | U29: 0 | V29: 0 | W29: 0 | X29: 0 | Y29: 0 | Z29: 0 | AA29: 0 | AB29: 0 | AC29: 0 | AD29: 0 | AE29: 0 | AF29: 0 | AG29: 0 | AH29: 0 | AI29: 0 | AJ29: 0 | AK29: =SUM(E29:AJ29)-D29 -> 0
A30: 45841 | B30: Andrea Irving | C30: D/D | D30: 86.4 | E30: 0 | F30: 0 | G30: 0 | H30: 86.4 | I30: 0 | J30: 0 | K30: 0 | L30: 0 | M30: 0 | N30: 0 | O30: 0 | P30: 0 | Q30: 0 | R30: 0 | S30: 0 | T30: 0 | U30: 0 | V30: 0 | W30: 0 | X30: 0 | Y30: 0 | Z30: 0 | AA30: 0 | AB30: 0 | AC30: 0 | AD30: 0 | AE30: 0 | AF30: 0 | AG30: 0 | AH30: 0 | AI30: 0 | AJ30: 0 | AK30: =SUM(E30:AJ30)-D30 -> 0
A31: 45852 | B31: Ministers Salary | C31: D/D | D31: 695 | E31: 695 | F31: 0 | G31: 0 | H31: 0 | I31: 0 | J31: 0 | K31: 0 | L31: 0 | M31: 0 | N31: 0 | O31: 0 | P31: 0 | Q31: 0 | R31: 0 | S31: 0 | T31: 0 | U31: 0 | V31: 0 | W31: 0 | X31: 0 | Y31: 0 | Z31: 0 | AA31: 0 | AB31: 0 | AC31: 0 | AD31: 0 | AE31: 0 | AF31: 0 | AG31: 0 | AH31: 0 | AI31: 0 | AJ31: 0 | AK31: =SUM(E31:AJ31)-D31 -> 0
A32: 45872 | B32: Andrea Irving | C32: D/D | D32: 86.4 | E32: 0 | F32: 0 | G32: 0 | H32: 86.4 | I32: 0 | J32: 0 | K32: 0 | L32: 0 | M32: 0 | N32: 0 | O32: 0 | P32: 0 | Q32: 0 | R32: 0 | S32: 0 | T32: 0 | U32: 0 | V32: 0 | W32: 0 | X32: 0 | Y32: 0 | Z32: 0 | AA32: 0 | AB32: 0 | AC32: 0 | AD32: 0 | AE32: 0 | AF32: 0 | AG32: 0 | AH32: 0 | AI32: 0 | AJ32: 0 | AK32: =SUM(E32:AJ32)-D32 -> 0
A33: 45881 | B33: Ministers Salary | C33: D/D | D33: 695 | E33: 695 | F33: 0 | G33: 0 | H33: 0 | I33: 0 | J33: 0 | K33: 0 | L33: 0 | M33: 0 | N33: 0 | O33: 0 | P33: 0 | Q33: 0 | R33: 0 | S33: 0 | T33: 0 | U33: 0 | V33: 0 | W33: 0 | X33: 0 | Y33: 0 | Z33: 0 | AA33: 0 | AB33: 0 | AC33: 0 | AD33: 0 | AE33: 0 | AF33: 0 | AG33: 0 | AH33: 0 | AI33: 0 | AJ33: 0 | AK33: =SUM(E33:AJ33)-D33 -> 0
A34: 45886 | B34: Pipe Repairs to Church water supply | C34: 127 | D34: 43 | E34: 0 | F34: 0 | G34: 0 | H34: 0 | I34: 0 | J34: 0 | K34: 0 | L34: 0 | M34: 0 | N34: 0 | O34: 0 | P34: 0 | Q34: 0 | R34: 0 | S34: 0 | T34: 0 | U34: 0 | V34: 0 | W34: 0 | X34: 43 | Y34: 0 | Z34: 0 | AA34: 0 | AB34: 0 | AC34: 0 | AD34: 0 | AE34: 0 | AF34: 0 | AG34: 0 | AH34: 0 | AI34: 0 | AJ34: 0 | AK34: =SUM(E34:AJ34)-D34 -> 0
A35: 45886 | B35: PAT Testing Etc., | C35: 127 | D35: 51.96 | E35: 0 | F35: 0 | G35: 0 | H35: 0 | I35: 0 | J35: 0 | K35: 0 | L35: 0 | M35: 0 | N35: 0 | O35: 0 | P35: 0 | Q35: 0 | R35: 0 | S35: 0 | T35: 0 | U35: 0 | V35: 0 | W35: 0 | X35: 51.96 | Y35: 0 | Z35: 0 | AA35: 0 | AB35: 0 | AC35: 0 | AD35: 0 | AE35: 0 | AF35: 0 | AG35: 0 | AH35: 0 | AI35: 0 | AJ35: 0 | AK35: =SUM(E35:AJ35)-D35 -> 0
A36: 45889 | B36: Church Insurance | C36: 128 | D36: 3265.84 | E36: 0 | F36: 0 | G36: 0 | H36: 0 | I36: 0 | J36: 0 | K36: 0 | L36: 0 | M36: 0 | N36: 0 | O36: 0 | P36: 0 | Q36: 0 | R36: 0 | S36: 0 | T36: 0 | U36: 0 | V36: 0 | W36: 0 | X36: 0 | Y36: 3265.84 | Z36: 0 | AA36: 0 | AB36: 0 | AC36: 0 | AD36: 0 | AE36: 0 | AF36: 0 | AG36: 0 | AH36: 0 | AI36: 0 | AJ36: 0 | AK36: =SUM(E36:AJ36)-D36 -> 0
A37: 45901 | B37: Riddick - Window Protection Etc., | C37: 129 | D37: 17245.06 | E37: 0 | F37: 0 | G37: 0 | H37: 0 | I37: 0 | J37: 0 | K37: 0 | L37: 0 | M37: 0 | N37: 0 | O37: 0 | P37: 0 | Q37: 0 | R37: 0 | S37: 0 | T37: 0 | U37: 0 | V37: 0 | W37: 0 | X37: 17245.06 | Y37: 0 | Z37: 0 | AA37: 0 | AB37: 0 | AC37: 0 | AD37: 0 | AE37: 0 | AF37: 0 | AG37: 0 | AH37: 0 | AI37: 0 | AJ37: 0 | AK37: =SUM(E37:AJ37)-D37 -> 0
A38: 45903 | B38: Andrea Irving | C38: D/D | D38: 86.4 | E38: 0 | F38: 0 | G38: 0 | H38: 86.4 | I38: 0 | J38: 0 | K38: 0 | L38: 0 | M38: 0 | N38: 0 | O38: 0 | P38: 0 | Q38: 0 | R38: 0 | S38: 0 | T38: 0 | U38: 0 | V38: 0 | W38: 0 | X38: 0 | Y38: 0 | Z38: 0 | AA38: 0 | AB38: 0 | AC38: 0 | AD38: 0 | AE38: 0 | AF38: 0 | AG38: 0 | AH38: 0 | AI38: 0 | AJ38: 0 | AK38: =SUM(E38:AJ38)-D38 -> 0
A39: 45912 | B39: Ministers Salary | C39: D/D | D39: 695 | E39: 695 | F39: 0 | G39: 0 | H39: 0 | I39: 0 | J39: 0 | K39: 0 | L39: 0 | M39: 0 | N39: 0 | O39: 0 | P39: 0 | Q39: 0 | R39: 0 | S39: 0 | T39: 0 | U39: 0 | V39: 0 | W39: 0 | X39: 0 | Y39: 0 | Z39: 0 | AA39: 0 | AB39: 0 | AC39: 0 | AD39: 0 | AE39: 0 | AF39: 0 | AG39: 0 | AH39: 0 | AI39: 0 | AJ39: 0 | AK39: =SUM(E39:AJ39)-D39 -> 0
A40: 45916 | B40: Anne Morris - Golf Fee | C40: Card | D40: 20 | E40: 0 | F40: 0 | G40: 0 | H40: 0 | I40: 0 | J40: 0 | K40: 0 | L40: 0 | M40: 0 | N40: 0 | O40: 0 | P40: 0 | Q40: 0 | R40: 0 | S40: 0 | T40: 0 | U40: 0 | V40: 20 | W40: 0 | X40: 0 | Y40: 0 | Z40: 0 | AA40: 0 | AB40: 0 | AC40: 0 | AD40: 0 | AE40: 0 | AF40: 0 | AG40: 0 | AH40: 0 | AI40: 0 | AJ40: 0 | AK40: =SUM(E40:AJ40)-D40 -> 0
A41: 45922 | B41: SSE - Heat & Light | C41: D/D | D41: 268.85 | E41: 0 | F41: 0 | G41: 268.85 | H41: 0 | I41: 0 | J41: 0 | K41: 0 | L41: 0 | M41: 0 | N41: 0 | O41: 0 | P41: 0 | Q41: 0 | R41: 0 | S41: 0 | T41: 0 | U41: 0 | V41: 0 | W41: 0 | X41: 0 | Y41: 0 | Z41: 0 | AA41: 0 | AB41: 0 | AC41: 0 | AD41: 0 | AE41: 0 | AF41: 0 | AG41: 0 | AH41: 0 | AI41: 0 | AJ41: 0 | AK41: =SUM(E41:AJ41)-D41 -> 0
A42: 45933 | B42: Andrea Irving | C42: D/D | D42: 86.4 | E42: 0 | F42: 0 | G42: 0 | H42: 86.4 | I42: 0 | J42: 0 | K42: 0 | L42: 0 | M42: 0 | N42: 0 | O42: 0 | P42: 0 | Q42: 0 | R42: 0 | S42: 0 | T42: 0 | U42: 0 | V42: 0 | W42: 0 | X42: 0 | Y42: 0 | Z42: 0 | AA42: 0 | AB42: 0 | AC42: 0 | AD42: 0 | AE42: 0 | AF42: 0 | AG42: 0 | AH42: 0 | AI42: 0 | AJ42: 0 | AK42: =SUM(E42:AJ42)-D42 -> 0
A43: 45940 | B43: McQuacker - Car Park Upkeep | C43: 130 | D43: 165 | E43: 0 | F43: 0 | G43: 0 | H43: 0 | I43: 0 | J43: 0 | K43: 0 | L43: 0 | M43: 0 | N43: 0 | O43: 0 | P43: 0 | Q43: 0 | R43: 0 | S43: 0 | T43: 0 | U43: 0 | V43: 0 | W43: 0 | X43: 165 | Y43: 0 | Z43: 0 | AA43: 0 | AB43: 0 | AC43: 0 | AD43: 0 | AE43: 0 | AF43: 0 | AG43: 0 | AH43: 0 | AI43: 0 | AJ43: 0 | AK43: =SUM(E43:AJ43)-D43 -> 0
A44: 45943 | B44: Ministers Salary | C44: D/D | D44: 695 | E44: 695 | F44: 0 | G44: 0 | H44: 0 | I44: 0 | J44: 0 | K44: 0 | L44: 0 | M44: 0 | N44: 0 | O44: 0 | P44: 0 | Q44: 0 | R44: 0 | S44: 0 | T44: 0 | U44: 0 | V44: 0 | W44: 0 | X44: 0 | Y44: 0 | Z44: 0 | AA44: 0 | AB44: 0 | AC44: 0 | AD44: 0 | AE44: 0 | AF44: 0 | AG44: 0 | AH44: 0 | AI44: 0 | AJ44: 0 | AK44: =SUM(E44:AJ44)-D44 -> 0
A45: 45944 | B45: Pipe Repairs to Church water supply | C45: 131 | D45: 3003.76 | E45: 0 | F45: 0 | G45: 0 | H45: 0 | I45: 0 | J45: 0 | K45: 0 | L45: 0 | M45: 0 | N45: 0 | O45: 0 | P45: 0 | Q45: 0 | R45: 0 | S45: 0 | T45: 0 | U45: 0 | V45: 0 | W45: 0 | X45: 3003.76 | Y45: 0 | Z45: 0 | AA45: 0 | AB45: 0 | AC45: 0 | AD45: 0 | AE45: 0 | AF45: 0 | AG45: 0 | AH45: 0 | AI45: 0 | AJ45: 0 | AK45: =SUM(E45:AJ45)-D45 -> 0
A46: 45958 | B46: Communion Postage | C46: CARD | D46: 170 | E46: 0 | F46: 0 | G46: 0 | H46: 0 | I46: 0 | J46: 0 | K46: 0 | L46: 0 | M46: 0 | N46: 0 | O46: 0 | P46: 0 | Q46: 0 | R46: 0 | S46: 0 | T46: 0 | U46: 0 | V46: 0 | W46: 170 | X46: 0 | Y46: 0 | Z46: 0 | AA46: 0 | AB46: 0 | AC46: 0 | AD46: 0 | AE46: 0 | AF46: 0 | AG46: 0 | AH46: 0 | AI46: 0 | AJ46: 0 | AK46: =SUM(E46:AJ46)-D46 -> 0
A47: 45964 | B47: Communion Wine & Bread | C47: CARD | D47: 9.25 | E47: 0 | F47: 0 | G47: 0 | H47: 0 | I47: 0 | J47: 0 | K47: 0 | L47: 0 | M47: 0 | N47: 0 | O47: 0 | P47: 0 | Q47: 0 | R47: 0 | S47: 0 | T47: 0 | U47: 0 | V47: 0 | W47: 9.25 | X47: 0 | Y47: 0 | Z47: 0 | AA47: 0 | AB47: 0 | AC47: 0 | AD47: 0 | AE47: 0 | AF47: 0 | AG47: 0 | AH47: 0 | AI47: 0 | AJ47: 0 | AK47: =SUM(E47:AJ47)-D47 -> 0
A48: 45964 | B48: Andrea Irving | C48: D/D | D48: 86.4 | E48: 0 | F48: 0 | G48: 0 | H48: 86.4 | I48: 0 | J48: 0 | K48: 0 | L48: 0 | M48: 0 | N48: 0 | O48: 0 | P48: 0 | Q48: 0 | R48: 0 | S48: 0 | T48: 0 | U48: 0 | V48: 0 | W48: 0 | X48: 0 | Y48: 0 | Z48: 0 | AA48: 0 | AB48: 0 | AC48: 0 | AD48: 0 | AE48: 0 | AF48: 0 | AG48: 0 | AH48: 0 | AI48: 0 | AJ48: 0 | AK48: =SUM(E48:AJ48)-D48 -> 0
A49: 45973 | B49: Ministers Salary | C49: D/D | D49: 695 | E49: 695 | F49: 0 | G49: 0 | H49: 0 | I49: 0 | J49: 0 | K49: 0 | L49: 0 | M49: 0 | N49: 0 | O49: 0 | P49: 0 | Q49: 0 | R49: 0 | S49: 0 | T49: 0 | U49: 0 | V49: 0 | W49: 0 | X49: 0 | Y49: 0 | Z49: 0 | AA49: 0 | AB49: 0 | AC49: 0 | AD49: 0 | AE49: 0 | AF49: 0 | AG49: 0 | AH49: 0 | AI49: 0 | AJ49: 0 | AK49: =SUM(E49:AJ49)-D49 -> 0
A50: 45991 | B50: Presbytery Dues | C50: 132 | D50: 465.14 | E50: 0 | F50: 0 | G50: 0 | H50: 0 | I50: 0 | J50: 0 | K50: 0 | L50: 0 | M50: 0 | N50: 0 | O50: 0 | P50: 0 | Q50: 0 | R50: 0 | S50: 0 | T50: 0 | U50: 0 | V50: 0 | W50: 0 | X50: 0 | Y50: 0 | Z50: 0 | AA50: 0 | AB50: 0 | AC50: 0 | AD50: 0 | AE50: 0 | AF50: 465.14 | AG50: 0 | AH50: 0 | AI50: 0 | AJ50: 0 | AK50: =SUM(E50:AJ50)-D50 -> 0
A51: 45992 | B51: Andrea Irving | C51: D/D | D51: 86.4 | E51: 0 | F51: 0 | G51: 0 | H51: 86.4 | I51: 0 | J51: 0 | K51: 0 | L51: 0 | M51: 0 | N51: 0 | O51: 0 | P51: 0 | Q51: 0 | R51: 0 | S51: 0 | T51: 0 | U51: 0 | V51: 0 | W51: 0 | X51: 0 | Y51: 0 | Z51: 0 | AA51: 0 | AB51: 0 | AC51: 0 | AD51: 0 | AE51: 0 | AF51: 0 | AG51: 0 | AH51: 0 | AI51: 0 | AJ51: 0 | AK51: =SUM(E51:AJ51)-D51 -> 0
A52: 45993 | B52: Christmas Tree | C52: CARD | D52: 68 | E52: 0 | F52: 0 | G52: 0 | H52: 0 | I52: 0 | J52: 68 | K52: 0 | L52: 0 | M52: 0 | N52: 0 | O52: 0 | P52: 0 | Q52: 0 | R52: 0 | S52: 0 | T52: 0 | U52: 0 | V52: 0 | W52: 0 | X52: 0 | Y52: 0 | Z52: 0 | AA52: 0 | AB52: 0 | AC52: 0 | AD52: 0 | AE52: 0 | AF52: 0 | AG52: 0 | AH52: 0 | AI52: 0 | AJ52: 0 | AK52: =SUM(E52:AJ52)-D52 -> 0
A53: 46000 | B53: Christmas Lights | C53: 133 | D53: 44.98 | E53: 0 | F53: 0 | G53: 0 | H53: 0 | I53: 0 | J53: 44.98 | K53: 0 | L53: 0 | M53: 0 | N53: 0 | O53: 0 | P53: 0 | Q53: 0 | R53: 0 | S53: 0 | T53: 0 | U53: 0 | V53: 0 | W53: 0 | X53: 0 | Y53: 0 | Z53: 0 | AA53: 0 | AB53: 0 | AC53: 0 | AD53: 0 | AE53: 0 | AF53: 0 | AG53: 0 | AH53: 0 | AI53: 0 | AJ53: 0 | AK53: =SUM(E53:AJ53)-D53 -> 0
A54: 46000 | B54: Organist Wages - Isobel Riddick | C54: 134 | D54: 500 | E54: 0 | F54: 0 | G54: 0 | H54: 0 | I54: 0 | J54: 0 | K54: 0 | L54: 0 | M54: 500 | N54: 0 | O54: 0 | P54: 0 | Q54: 0 | R54: 0 | S54: 0 | T54: 0 | U54: 0 | V54: 0 | W54: 0 | X54: 0 | Y54: 0 | Z54: 0 | AA54: 0 | AB54: 0 | AC54: 0 | AD54: 0 | AE54: 0 | AF54: 0 | AG54: 0 | AH54: 0 | AI54: 0 | AJ54: 0 | AK54: =SUM(E54:AJ54)-D54 -> 0
A55: 46003 | B55: Ministers Salary | C55: D/D | D55: 695 | E55: 695 | F55: 0 | G55: 0 | H55: 0 | I55: 0 | J55: 0 | K55: 0 | L55: 0 | M55: 375 | N55: 0 | O55: 0 | P55: 0 | Q55: 0 | R55: 0 | S55: 0 | T55: 0 | U55: 0 | V55: 0 | W55: 0 | X55: 0 | Y55: 0 | Z55: 0 | AA55: 0 | AB55: 0 | AC55: 0 | AD55: 0 | AE55: 0 | AF55: 0 | AG55: 0 | AH55: 0 | AI55: 0 | AJ55: 0 | AK55: =SUM(E55:AJ55)-D55 -> 375
A56: 46008 | B56: Organist Wages - Rory McLatchie | C56: 135 | D56: 375 | E56: 0 | F56: 0 | G56: 0 | H56: 0 | I56: 0 | J56: 0 | K56: 0 | L56: 0 | M56: 0 | N56: 0 | O56: 0 | P56: 0 | Q56: 0 | R56: 0 | S56: 0 | T56: 0 | U56: 0 | V56: 0 | W56: 0 | X56: 0 | Y56: 0 | Z56: 0 | AA56: 0 | AB56: 0 | AC56: 0 | AD56: 0 | AE56: 0 | AF56: 0 | AG56: 0 | AH56: 0 | AI56: 0 | AJ56: 0 | AK56: =SUM(E56:AJ56)-D56 -> -375
A57: 46013 | B57: SSE - Heat & Light | C57: D/D | D57: 278.36 | E57: 0 | F57: 0 | G57: 278.36 | H57: 0 | I57: 0 | J57: 0 | K57: 0 | L57: 0 | M57: 0 | N57: 0 | O57: 0 | P57: 0 | Q57: 0 | R57: 0 | S57: 0 | T57: 0 | U57: 0 | V57: 0 | W57: 0 | X57: 0 | Y57: 0 | Z57: 0 | AA57: 0 | AB57: 0 | AC57: 0 | AD57: 0 | AE57: 0 | AF57: 0 | AG57: 0 | AH57: 0 | AI57: 0 | AJ57: 0 | AK57: =SUM(E57:AJ57)-D57 -> 0
A58: 46022 | B58: Shared Expenses with Dalbeattie | C58: Estimate | D58: 1065.75 | E58: 0 | F58: 0 | G58: 0 | H58: 0 | I58: 0 | J58: 0 | K58: 0 | L58: 0 | M58: 0 | N58: 0 | O58: 0 | P58: 291.11 | Q58: 774.64 | R58: 0 | S58: 0 | T58: 0 | U58: 0 | V58: 0 | W58: 0 | X58: 0 | Y58: 0 | Z58: 0 | AA58: 0 | AB58: 0 | AC58: 0 | AD58: 0 | AE58: 0 | AF58: 0 | AG58: 0 | AH58: 0 | AI58: 0 | AJ58: 0 | AK58: =SUM(E58:AJ58)-D58 -> 0
A59: 45292 | D59: 0 | E59: 0 | F59: 0 | G59: 0 | H59: 0 | I59: 0 | J59: 0 | K59: 0 | L59: 0 | M59: 0 | N59: 0 | O59: 0 | P59: 0 | Q59: 0 | R59: 0 | S59: 0 | T59: 0 | U59: 0 | V59: 0 | W59: 0 | X59: 0 | Y59: 0 | Z59: 0 | AA59: 0 | AB59: 0 | AC59: 0 | AD59: 0 | AE59: 0 | AF59: 0 | AG59: 0 | AH59: 0 | AI59: 0 | AJ59: 0 | AK59: =SUM(E59:AJ59)-D59 -> 0
A60: 45292 | D60: 0 | E60: 0 | F60: 0 | G60: 0 | H60: 0 | I60: 0 | J60: 0 | K60: 0 | L60: 0 | M60: 0 | N60: 0 | O60: 0 | P60: 0 | Q60: 0 | R60: 0 | S60: 0 | T60: 0 | U60: 0 | V60: 0 | W60: 0 | X60: 0 | Y60: 0 | Z60: 0 | AA60: 0 | AB60: 0 | AC60: 0 | AD60: 0 | AE60: 0 | AF60: 0 | AG60: 0 | AH60: 0 | AI60: 0 | AJ60: 0 | AK60: =SUM(E60:AJ60)-D60 -> 0
A61: 45292 | D61: 0 | E61: 0 | F61: 0 | G61: 0 | H61: 0 | I61: 0 | J61: 0 | K61: 0 | L61: 0 | M61: 0 | N61: 0 | O61: 0 | P61: 0 | Q61: 0 | R61: 0 | S61: 0 | T61: 0 | U61: 0 | V61: 0 | W61: 0 | X61: 0 | Y61: 0 | Z61: 0 | AA61: 0 | AB61: 0 | AC61: 0 | AD61: 0 | AE61: 0 | AF61: 0 | AG61: 0 | AH61: 0 | AI61: 0 | AJ61: 0 | AK61: =SUM(E61:AJ61)-D61 -> 0
A62: 45292 | D62: 0 | E62: 0 | F62: 0 | G62: 0 | H62: 0 | I62: 0 | J62: 0 | K62: 0 | L62: 0 | M62: 0 | N62: 0 | O62: 0 | P62: 0 | Q62: 0 | R62: 0 | S62: 0 | T62: 0 | U62: 0 | V62: 0 | W62: 0 | X62: 0 | Y62: 0 | Z62: 0 | AA62: 0 | AB62: 0 | AC62: 0 | AD62: 0 | AE62: 0 | AF62: 0 | AG62: 0 | AH62: 0 | AI62: 0 | AJ62: 0 | AK62: =SUM(E62:AJ62)-D62 -> 0
A63: 45292 | D63: 0 | E63: 0 | F63: 0 | G63: 0 | H63: 0 | I63: 0 | J63: 0 | K63: 0 | L63: 0 | M63: 0 | N63: 0 | O63: 0 | P63: 0 | Q63: 0 | R63: 0 | S63: 0 | T63: 0 | U63: 0 | V63: 0 | W63: 0 | X63: 0 | Y63: 0 | Z63: 0 | AA63: 0 | AB63: 0 | AC63: 0 | AD63: 0 | AE63: 0 | AF63: 0 | AG63: 0 | AH63: 0 | AI63: 0 | AJ63: 0 | AK63: =SUM(E63:AJ63)-D63 -> 0
A64: 45292 | D64: 0 | E64: 0 | F64: 0 | G64: 0 | H64: 0 | I64: 0 | J64: 0 | K64: 0 | L64: 0 | M64: 0 | N64: 0 | O64: 0 | P64: 0 | Q64: 0 | R64: 0 | S64: 0 | T64: 0 | U64: 0 | V64: 0 | W64: 0 | X64: 0 | Y64: 0 | Z64: 0 | AA64: 0 | AB64: 0 | AC64: 0 | AD64: 0 | AE64: 0 | AF64: 0 | AG64: 0 | AH64: 0 | AI64: 0 | AJ64: 0 | AK64: =SUM(E64:AJ64)-D64 -> 0
A65: 45292 | D65: 0 | E65: 0 | F65: 0 | G65: 0 | H65: 0 | I65: 0 | J65: 0 | K65: 0 | L65: 0 | M65: 0 | N65: 0 | O65: 0 | P65: 0 | Q65: 0 | R65: 0 | S65: 0 | T65: 0 | U65: 0 | V65: 0 | W65: 0 | X65: 0 | Y65: 0 | Z65: 0 | AA65: 0 | AB65: 0 | AC65: 0 | AD65: 0 | AE65: 0 | AF65: 0 | AG65: 0 | AH65: 0 | AI65: 0 | AJ65: 0 | AK65: =SUM(E65:AJ65)-D65 -> 0
A66: 45292 | D66: 0 | E66: 0 | F66: 0 | G66: 0 | H66: 0 | I66: 0 | J66: 0 | K66: 0 | L66: 0 | M66: 0 | N66: 0 | O66: 0 | P66: 0 | Q66: 0 | R66: 0 | S66: 0 | T66: 0 | U66: 0 | V66: 0 | W66: 0 | X66: 0 | Y66: 0 | Z66: 0 | AA66: 0 | AB66: 0 | AC66: 0 | AD66: 0 | AE66: 0 | AF66: 0 | AG66: 0 | AH66: 0 | AI66: 0 | AJ66: 0 | AK66: =SUM(E66:AJ66)-D66 -> 0
A67: 45292 | D67: 0 | E67: 0 | F67: 0 | G67: 0 | H67: 0 | I67: 0 | J67: 0 | K67: 0 | L67: 0 | M67: 0 | N67: 0 | O67: 0 | P67: 0 | Q67: 0 | R67: 0 | S67: 0 | T67: 0 | U67: 0 | V67: 0 | W67: 0 | X67: 0 | Y67: 0 | Z67: 0 | AA67: 0 | AB67: 0 | AC67: 0 | AD67: 0 | AE67: 0 | AF67: 0 | AG67: 0 | AH67: 0 | AI67: 0 | AJ67: 0 | AK67: =SUM(E67:AJ67)-D67 -> 0
A68: 45292 | D68: 0 | E68: 0 | F68: 0 | G68: 0 | H68: 0 | I68: 0 | J68: 0 | K68: 0 | L68: 0 | M68: 0 | N68: 0 | O68: 0 | P68: 0 | Q68: 0 | R68: 0 | S68: 0 | T68: 0 | U68: 0 | V68: 0 | W68: 0 | X68: 0 | Y68: 0 | Z68: 0 | AA68: 0 | AB68: 0 | AC68: 0 | AD68: 0 | AE68: 0 | AF68: 0 | AG68: 0 | AH68: 0 | AI68: 0 | AJ68: 0 | AK68: =SUM(E68:AJ68)-D68 -> 0
A69: 45292 | D69: 0 | E69: 0 | F69: 0 | G69: 0 | H69: 0 | I69: 0 | J69: 0 | K69: 0 | L69: 0 | M69: 0 | N69: 0 | O69: 0 | P69: 0 | Q69: 0 | R69: 0 | S69: 0 | T69: 0 | U69: 0 | V69: 0 | W69: 0 | X69: 0 | Y69: 0 | Z69: 0 | AA69: 0 | AB69: 0 | AC69: 0 | AD69: 0 | AE69: 0 | AF69: 0 | AG69: 0 | AH69: 0 | AI69: 0 | AJ69: 0 | AK69: =SUM(E69:AJ69)-D69 -> 0
A70: 45292 | D70: 0 | E70: 0 | F70: 0 | G70: 0 | H70: 0 | I70: 0 | J70: 0 | K70: 0 | L70: 0 | M70: 0 | N70: 0 | O70: 0 | P70: 0 | Q70: 0 | R70: 0 | S70: 0 | T70: 0 | U70: 0 | V70: 0 | W70: 0 | X70: 0 | Y70: 0 | Z70: 0 | AA70: 0 | AB70: 0 | AC70: 0 | AD70: 0 | AE70: 0 | AF70: 0 | AG70: 0 | AH70: 0 | AI70: 0 | AJ70: 0 | AK70: =SUM(E70:AJ70)-D70 -> 0
... A84: 45292 | D84: 0 | E84: 0 | F84: 0 | G84: 0 | H84: 0 | I84: 0 | J84: 0 | K84: 0 | L84: 0 | M84: 0 | N84: 0 | O84: 0 | P84: 0 | Q84: 0 | R84: 0 | S84: 0 | T84: 0 | U84: 0 | V84: 0 | W84: 0 | X84: 0 | Y84: 0 | Z84: 0 | AA84: 0 | AB84: 0 | AC84: 0 | AD84: 0 | AE84: 0 | AF84: 0 | AG84: 0 | AH84: 0 | AI84: 0 | AJ84: 0 | AK84: =SUM(E84:AJ84)-D84 -> 0
C85: CARD | D85: 0 | E85: 0 | F85: 0 | G85: 0 | H85: 0 | I85: 0 | J85: 0 | K85: 0 | L85: 0 | M85: 0 | N85: 0 | O85: 0 | P85: 0 | Q85: 0 | R85: 0 | S85: 0 | T85: 0 | U85: 0 | V85: 0 | W85: 0 | X85: 0 | Y85: 0 | Z85: 0 | AA85: 0 | AB85: 0 | AC85: 0 | AD85: 0 | AE85: 0 | AF85: 0 | AG85: 0 | AH85: 0 | AI85: 0 | AJ85: 0 | AK85: =SUM(E85:AJ85)-D85 -> 0
C86: D/D | D86: 0 | E86: 0 | F86: 0 | G86: 0 | H86: 0 | I86: 0 | J86: 0 | K86: 0 | L86: 0 | M86: 0 | N86: 0 | O86: 0 | P86: 0 | Q86: 0 | R86: 0 | S86: 0 | T86: 0 | U86: 0 | V86: 0 | W86: 0 | X86: 0 | Y86: 0 | Z86: 0 | AA86: 0 | AB86: 0 | AC86: 0 | AD86: 0 | AE86: 0 | AF86: 0 | AG86: 0 | AH86: 0 | AI86: 0 | AJ86: 0 | AK86: =SUM(E86:AJ86)-D86 -> 0
C87: S/O | D87: 0 | E87: 0 | F87: 0 | G87: 0 | H87: 0 | I87: 0 | J87: 0 | K87: 0 | L87: 0 | M87: 0 | N87: 0 | O87: 0 | P87: 0 | Q87: 0 | R87: 0 | S87: 0 | T87: 0 | U87: 0 | V87: 0 | W87: 0 | X87: 0 | Y87: 0 | Z87: 0 | AA87: 0 | AB87: 0 | AC87: 0 | AD87: 0 | AE87: 0 | AF87: 0 | AG87: 0 | AH87: 0 | AI87: 0 | AJ87: 0 | AK87: =SUM(E87:AJ87)-D87 -> 0
D88: =SUM(D2:D87) -> 39699.55 | E88: =SUM(E2:E87) -> 8340 | F88: =SUM(F2:F87) -> 0 | G88: =SUM(G2:G87) -> 2834.19 | H88: =SUM(H2:H87) -> 950.4 | I88: =SUM(I2:I87) -> 0 | J88: =SUM(J2:J87) -> 112.98 | K88: =SUM(K2:K87) -> 0 | ... AJ88: =SUM(AJ2:AJ87) -> 0
B89: .
B90: 34465.27 | E90: =SUM(E88:AJ88) -> 39699.55
E92: =SUM(D88-E90) -> 7.2759576e-12

Sheet 2025 Trial Balance
D1: 2025
A2: ACCOUNTS LOCATION | B2: DESCRIPTION | C2: P/B | D2: RECEIPTS | E2: PAYMENTS
A3: Receipts & Payments | B3: ='2025 Income'!F1 -> INTEREST | D3: ='2025 Income'!F100 -> 427.8 | E3: 0
A4: Notes to Accounts | B4: ='2025 Income'!G1 -> BONDS - STANDING ORDER | D4: ='2025 Income'!G100 -> 2156 | E4: 0 | L4: =SUM(D4+D6+D7) -> 2406
A5: Notes to Accounts | B5: ='2025 Income'!H1 -> COMMON PLATE | D5: ='2025 Income'!H100 -> 4811.75 | E5: 0 | L5: =SUM(D13:D14) -> 600
A6: Notes to Accounts | B6: ='2025 Income'!I1 -> BONDS - VIA WEEKLY ENVELOPES | D6: ='2025 Income'!I100 -> 0 | E6: 0 | L6: =D15 -> 3654.21
A7: Notes to Accounts | B7: ='2025 Income'!J1 -> BONDS - VIA CHEQUES | D7: ='2025 Income'!J100 -> 250 | E7: 0 | G7: =SUM(D4:D7) -> 7217.75 | H7: 3277 | I7: 1040 | J7: 278 | L7: =D5 -> 4811.75
A8: Notes to Accounts | B8: ='2025 Income'!K1 -> DONATION | D8: ='2025 Income'!K100 -> 0 | E8: 0 | J8: 2019
A9: Notes to Accounts | B9: ='2025 Income'!L1 -> CHURCH OFFICER | D9: ='2025 Income'!L100 -> 0 | E9: 0
A10: Notes to Accounts | B10: ='2025 Income'!M1 -> LIFE & WORK | D10: ='2025 Income'!M100 -> 0 | E10: 0 | L10: =SUM(L4:L7) -> 11471.96
A11: Notes to Accounts | B11: ='2025 Income'!N1 -> TREES at CHRISTMAS | D11: ='2025 Income'!N100 -> 0 | E11: 0
A12: Notes to Accounts | B12: ='2025 Income'!O1 -> PULPIT SUPPLY REPAYMENT | D12: ='2025 Income'!O100 -> 0 | E12: 0 | H12: =SUM(D3:D27) -> 11899.76
A13: Notes to Accounts | B13: ='2025 Income'!P1 -> FUNERAL FEES | D13: ='2025 Income'!P100 -> 350 | E13: 0
A14: Notes to Accounts | B14: ='2025 Income'!Q1 -> WEDDING FEES | D14: ='2025 Income'!Q100 -> 250 | E14: 0 | H14: ='2025 Income'!E100 -> 11899.76
A15: Notes to Accounts | B15: ='2025 Income'!R1 -> REFUND OF TAX ON BONDS | D15: ='2025 Income'!R100 -> 3654.21 | E15: 0
A16: Notes to Accounts | B16: ='2025 Income'!S1 -> REFUND OF CHURCH REPAIRS | D16: ='2025 Income'!S100 -> 0 | E16: 0 | H16: =SUM(H12-H14) -> -3.6379788e-12
A17: Notes to Accounts | B17: ='2025 Income'!T1 -> INSURANCE CLAIM Window Vandalism | D17: ='2025 Income'!T100 -> 0 | E17: 0
A18: Notes to Accounts | B18: ='2025 Income'!U1 -> BEQUEST Stuart Macdonald | D18: ='2025 Income'!U100 -> 0 | E18: 0
A19: Notes to Accounts | B19: ='2025 Income'!V1 -> SPARE | D19: ='2025 Income'!V100 -> 0 | E19: 0
A20: Notes to Accounts | B20: ='2025 Income'!W1 -> SPARE | D20: ='2025 Income'!W100 -> 0 | E20: 0
A21: Notes to Accounts | B21: ='2025 Income'!X1 -> SPARE | D21: ='2025 Income'!X100 -> 0 | E21: 0
A22: Notes to Accounts | B22: ='2025 Income'!Y1 -> CHRISTIAN AID DONATION | D22: ='2025 Income'!Y100 -> 0 | E22: 0
A23: Notes to Accounts | B23: ='2025 Income'!Z1 -> REFUND ON INSURANCE FROM FABRIC FUND | D23: ='2025 Income'!Z100 -> 0 | E23: 0
A24: Notes to Accounts | B24: ='2025 Income'!AA1 -> REFUND ON ELECTRICITY FROM FABRIC FUND | D24: ='2025 Income'!AA100 -> 0 | E24: 0
A25: Notes to Accounts / Receipts & Payments | B25: ='2025 Income'!AB1 -> CONCERTS - QUIZ / SOUP & SWEET | D25: ='2025 Income'!AB100 -> 0 | E25: 0 | L25: =SUM(D16+D23+D24) -> 0
A26: Notes to Accounts | B26: ='2025 Income'!AC1 -> SPARE | D26: ='2025 Income'!AC100 -> 0 | E26: 0
A27: Notes to Accounts | B27: ='2025 Income'!AD1 -> SPARE | D27: ='2025 Income'!AD100 -> 0 | E27: 0
A28: Notes to Accounts | B28: ='2025 Expenses'!E1 -> MINISTERS SALARY & LOCUM COSTS | D28: 0 | E28: ='2025 Expenses'!E88 -> 8340 | F28: .
A29: Notes to Accounts | B29: ='2025 Expenses'!F1 -> SPARE | D29: 0 | E29: ='2025 Expenses'!F88 -> 0
A30: Notes to Accounts / General Trustees | B30: ='2025 Expenses'!G1 -> HEAT & LIGHT | D30: 0 | E30: ='2025 Expenses'!G88 -> 2834.19 | F30: .
A31: Notes to Accounts | B31: ='2025 Expenses'!H1 -> CHURCH OFFICER | D31: 0 | E31: ='2025 Expenses'!H88 -> 950.4 | F31: .
A32: Notes to Accounts | B32: ='2025 Expenses'!I1 | D32: 0 | E32: ='2025 Expenses'!I88 -> 0
A33: Notes to Accounts | B33: ='2025 Expenses'!J1 -> FLOWERS, CANDLES & OTHER DECORATIONS Etc | D33: 0 | E33: ='2025 Expenses'!J88 -> 112.98 | H33: =SUM(E28:E60) -> 39699.55
A34: Notes to Accounts | B34: ='2025 Expenses'!K1 -> HALL RENT - SUNDAY SCHOOL & OTHER EVENTS | D34: 0 | E34: ='2025 Expenses'!K88 -> 0
A35: Notes to Accounts | B35: ='2025 Expenses'!L1 -> SPARE | D35: 0 | E35: ='2025 Expenses'!L88 -> 0 | H35: ='2025 Expenses'!D88 -> 39699.55
A36: Notes to Accounts | B36: ='2025 Expenses'!M1 -> ORGANIST WAGES | D36: 0 | E36: ='2025 Expenses'!M88 -> 1325 | F36: .
A37: Notes to Accounts | B37: ='2025 Expenses'!N1 -> PULPIT SUPPLY | D37: 0 | E37: ='2025 Expenses'!N88 -> 0 | F37: . | H37: =SUM(H33-H35) -> -7.2759576e-12
A38: Notes to Accounts | B38: ='2025 Expenses'!O1 -> RETIRAL & OTHER PRESENTATIONS | D38: 0 | E38: ='2025 Expenses'!O88 -> 0 | F38: .
A39: Notes to Accounts | B39: ='2025 Expenses'!P1 -> MINISTERS TELEPHONE | D39: 0 | E39: ='2025 Expenses'!P88 -> 291.11 | F39: . | H39: =E39+E40+E41+E42 -> 1065.75 | I39: MINISTER'S EXPENSES
A40: Notes to Accounts | B40: ='2025 Expenses'!Q1 -> MANSE COUNCIL TAX | D40: 0 | E40: ='2025 Expenses'!Q88 -> 774.64 | F40: .
A41: Notes to Accounts / General Trustees | B41: ='2025 Expenses'!R1 -> MANSE REPAIRS | D41: 0 | E41: ='2025 Expenses'!R88 -> 0 | F41: .
A42: Notes to Accounts | B42: ='2025 Expenses'!S1 -> MINISTERS TRAVELLING EXPENSES | D42: 0 | E42: ='2025 Expenses'!S88 -> 0 | F42: .
A43: Notes to Accounts | B43: ='2025 Expenses'!T1 -> LIFE & WORK | D43: 0 | E43: ='2025 Expenses'!T88 -> 0
A44: Notes to Accounts | B44: ='2025 Expenses'!U1 -> FLORENCE CRAIG | D44: 0 | E44: ='2025 Expenses'!U88 -> 0
A45: Notes to Accounts | B45: ='2025 Expenses'!V1 -> PRINT/STAT, CLEANING MATERIALS Etc., | D45: 0 | E45: ='2025 Expenses'!V88 -> 192.82 | F45: .
A46: Notes to Accounts | B46: ='2025 Expenses'!W1 -> COMMUNION & FELLOWSHIP EXPENSES | D46: 0 | E46: ='2025 Expenses'!W88 -> 288.65 | F46: .
A47: Notes to Accounts / General Trustees | B47: ='2025 Expenses'!X1 -> CHURCH REPAIRS | D47: £ | E47: ='2025 Expenses'!X88 -> 20508.78 | F47: .
A48: Notes to Accounts / General Trustees | B48: ='2025 Expenses'!Y1 -> CHURCH INSURANCE | D48: 0 | E48: ='2025 Expenses'!Y88 -> 3265.84 | F48: .
A49: Notes to Accounts | B49: ='2025 Expenses'!Z1 -> SPARE | D49: 0 | E49: ='2025 Expenses'!Z88 -> 0
A50: Notes to Accounts | B50: ='2025 Expenses'!AA1 -> DONATIONS TO CHRISTIAN AID | D50: 0 | E50: ='2025 Expenses'!AA88 -> 0
A51: Notes to Accounts | B51: ='2025 Expenses'!AB1 -> SOUND SYSTEM & PROJECTOR | D51: 0 | E51: ='2025 Expenses'!AB88 -> 0
A52: Notes to Accounts | B52: ='2025 Expenses'!AC1 -> FLOWER FESTIVAL | D52: 0 | E52: ='2025 Expenses'!AC88 -> 0
A53: Notes to Accounts | B53: ='2025 Expenses'!AD1 -> SPARE | D53: 0 | E53: ='2025 Expenses'!AD88 -> 0
A54: Notes to Accounts | B54: ='2025 Expenses'!AE1 -> CONCERTS & OTHER FUND RAISING EVENTS | D54: 0 | E54: ='2025 Expenses'!AE88 -> 0
A55: Notes to Accounts | B55: ='2025 Expenses'!AF1 -> PRESBYTERY DUES | D55: 0 | E55: ='2025 Expenses'!AF88 -> 465.14
A56: Notes to Accounts | B56: ='2025 Expenses'!AG1 -> ORGAN REPAIRS | D56: 0 | E56: ='2025 Expenses'!AG88 -> 250
A57: Notes to Accounts | B57: ='2025 Expenses'!AH1 -> FUNERAL & WEDDING EXPENSES | D57: 0 | E57: ='2025 Expenses'!AH88 -> 100
A58: Notes to Accounts | B58: ='2025 Expenses'!AI1 -> SPARE | D58: 0 | E58: ='2025 Expenses'!AI88 -> 0
A59: Receipts & Payments | B59: ='2025 Expenses'!AJ1 -> FABRIC FUND | D59: 0 | E59: ='2025 Expenses'!AJ88 -> 0
D60: 0 | E60: 0
B61: SUB-TOTALS | D61: =SUM(D3:D60) -> 11899.76 | E61: =SUM(E3:E60) -> 39699.55 | G61: ='2025 Income'!E100 -> 11899.76 | H61: ='2025 Expenses'!D88 -> 39699.55 | K61: =E61-E50 -> 39699.55 | L61: TRUE TOTAL EXPENDITURE TO AGREE NOTES TO ACCOUNTS (EXCL CHRISTIAN AID
A62: Statement of Funds | B62: Opening Bank Balance as at 1st January 2025 | D62: =I129 -> 59002.54 | E62: 0 | H62: =SUM(H61-G61) -> 27799.79
A63: Statement of Funds | B63: Closing Bank Balance as at 31st December 2025 | D63: 0 | E63: =SUM(D62+D61-E61) -> 31202.75
B65: TOTALS | D65: =SUM(D61:D63) -> 70902.3 | E65: =SUM(E61:E63) -> 70902.3 | G65: =SUM(D65-E65) -> 0
B66: OTHER FUNDS & NOTES FOR ACCOUNTS
A67: APM | B67: Minimum Stipend for 2025 | D67: 32433 | E67: 0
A68: APM | B68: Maximum Stipend for 2025 | D68: 39856 | E68: 0
A69: General Trustees | B69: Fabric Fund Growth Fund cost at 31/12/2025 | D69: 56781 | E69: 0
A70: General Trustees | B70: Fabric Fund Growth Fund MV at 31/12/2025 | D70: 0 | E70: 0 | F70: 55172
B71: Fabric Fund Income Fund cost at 31/12/2025 | D71: 0 | E71: 0 | J71: 55172 | K71: Shares @ | L71: 1.54 | M71: =SUM(J71*L71) -> 84964.88
A72: General Trustees | B72: Fabric Fund Growth Fund MV at 31/12/2025 | D72: 0 | E72: 0
A73: General Trustees | B73: Fabric Fund Deposit Fund cost at 31/12/2025 | D73: 0 | E73: 0 | F73: 55172
A74: General Trustees | B74: Fabric Fund Deposit Fund MV at 31/12/2025 | D74: 87130 | E74: 0 | J74: 55172 | K74: Shares @ | L74: 1.54 | M74: =SUM(J74*L74) -> 84964.88
A75: APM | B75: CoS Investors Trust Investments held at 31/12/2025 - Income | D75: 0 | E75: 0 | H75: Income | J75: 200 | K75: Shares @ | L75: 11.39 | M75: =SUM(J75*L75) -> 2278
A76: APM | B76: CoS Investors Trust Investments held at 31/12/2025 - Growth | D76: 0 | E76: 0 | H76: Growth | J76: 2280 | K76: Shares @ | L76: 6.88 | M76: =SUM(J76*L76) -> 15686.4
A77: APM | B77: No of Units Held at 31/12/2025 - Income | D77: 0 | E77: 0 | F77: 200
A78: APM | B78: No of Units Held at 31/12/2025 - Growth | D78: 0 | E78: 0 | F78: 2280
A79: APM | B79: Market Value of Investments held at 31/12/2025 - Income | D79: =M75 -> 2278 | E79: 0
A80: APM | B80: Market Value of Investments held at 31/12/2025 - Growth | D80: =M76 -> 15686.4 | E80: 0
D81: 0
A82: Congregation I & E | B82: Ministries & Mission Allocation | D82: 12104 | E82: 0 | F82: =E28 -> 8340 | G82: 2673 | H82: 1130 | I82: 1597 | K82: =SUM(F82:I82) -> 13740
A83: Congregation I & E | B83: Less Presbytery Allowance | D83: 0 | E83: 0
A84: Congregation I & E | B84: Less Endowment Income | D84: -2634 | E84: 0
A85: Congregation I & E | B85: Less Glebe Rent | D85: -1130 | E85: 0 | F85: =SUM(D82:D86) -> 8340
A86: Congregation I & E | B86: Less Other Endowment | D86: 0 | E86: 0
A87: Receipts & Payments / Notes to Accounts / Other Funds | B87: Deposit Fund Interest | D87: =K87 -> 0 | E87: 0 | K87: =SUM(L87:P87) -> 0 | L87: 0 | M87: 0 | N87: 0 | O87: 0 | P87: 0
A88: Statement of Balances | B88: Designated Fabric Fund Brought Forward from 2025 | D88: 0 | E88: 0 | H88: ADDED IN BY APM
A89: Statement of Balances | B89: Unrestricted General Fund Brought Forward from 2025 | D89: 31202.75 | E89: 0 | T89: D86 - Deposit Fund interest
A90: General Trustees | B90: Capital Account Revenue Interest & Admin Charge | D90: =225.38+240.66+244.98+239.5 -> 950.52 | E90: 0 | K90: =SUM(L90:O90) -> 0 | L90: 0 | M90: 0 | N90: 0 | O90: 0 | U90: 43221 | W90: 64.09 | X90: NB MAY ADD EXTRA £19.67
A91: General Trustees | B91: Capital Account Interest | D91: =3829.2-950.52-320 -> 2558.68 | E91: 0 | K91: =SUM(L91:O91) -> 0 | L91: 0 | M91: 0 | N91: 0 | O91: 0 | U91: 43405 | W91: 89.38 | Y91: THEN | Z91: 173.11
D92: 0 | E92: 0 | W92: =SUM(W90:W91) -> 153.47
D93: 0 | E93: 0
D94: 0 | E94: 0
D95: 0 | E95: 0
D96: 0 | E96: 0
D97: 0 | E97: 0
D98: 0 | E98: 0
D99: 0 | E99: 0
B102: INCOME Not Presented at BANK
B103: Tax on Bonds | C103: 0 | G103: 5477.55
...

Sheet Front Page 1
A1: THE CHURCH OF SCOTLAND
A2: URR PARISH CHURCH
A3: TRUSTEES' REPORT AND RECEIPTS AND PAYMENTS ACCOUNT
A4: FOR THE YEAR ENDED
A5: =R5 -> 46022 | R5: 46022
A6: Congregation No: 080487
A7: Charity No: SCO 14465

Sheet Ref & Admin 2
A1: THE CHURCH OF SCOTLAND
A2: URR PARISH CHURCH
A3: INFORMATION
A5: Year Ended | B5: ='Front Page 1'!R5 -> 46022
A7: Charity Name: | B7: Urr Parish Church
A8: Charity Registration Number: | B8: SCO 14465
A9: Congregation Reference No: | B9: 80487
A11: Contact Address: | B11: Isla Cottage
B12: Springholm
B13: Castle Douglas
B14: DG7 3LP
A15: Trustees
A16: Kirk Session | B16: Rev.Fiona | C16: Wilson
B17: Jan | C17: Barbour
B18: James | C18: Brown
B19: Douglas | C19: Kerr
B20: James | C20: McCrae
B21: Stewart | C21: McKean
B22: Jane | C22: McMiken
B23: Elizabeth | C23: Smith
B24: Keith | C24: Warford
A27: Congregational Board Members | B27: N/A
A28: Moved to Unitery Constituion 2019/20
A30: Principal Office-bearers
A31: Minister | B31: Rev. Fiona | C31: Wilson
A32: Session Clerk | B32: Mr Stewart | C32: McKean
A33: Clerk to the Board | B33: Mr Keith | C33: Warford
A34: Church Treasurer | B34: Mr Stewart | C34: McKean
A36: Independent Examiner | B36: Miss A.P. | C36: Morris | D36: FCA DL
B37: Chartered Accountant
B38: Hardgate
B39: DG7 3LD
A41: Bankers | B41: The Bank of Scotland
B42: 192 King Street
B43: Castle Douglas
B44: DG7 1DB

Sheet Trustees' Annual Report 3
A1: ='Ref & Admin 2'!A1 -> THE CHURCH OF SCOTLAND
A2: ='Ref & Admin 2'!A2 -> URR PARISH CHURCH
A3: TRUSTEES' ANNUAL REPORT
A5: Year ended | C5: ='Front Page 1'!R5 -> 46022
A7: Structure, Governance and Management
A9: Governing Document
A10: The Church is administered in accordance with the terms of the Deed of Constitution
A12: Recruitment and Appointment of Trustees
A13: Members of the Kirk Session and the Congregational Board are the charity trustees. The Kirk Session members are the elders of the church and are chosen from those members of the church who are considered to have the appropriate gifts and skills. The minister, who is a member of the Kirk Session, is elected by the congregation and inducted by Presbytery. The Congregational Board is appointed from within the congregation and members of the congregation are invited to nominate individuals who are believed to have the skills and commitment to contribute to the management affairs of the Church, to become members of the Board. Board Members are then appointed at the Stated Annual Meeting and serve for a period of three years after which they must seek re-election at the next Stated Annual Meeting.
A14: Organisational Structure
A15: The Congregational Board is chaired by the minister and meets three times in a year. Certain responsibilities are delegated to the Finance Committee and the Property Committee as appropriate. The Kirk Session which meets three times a year is responsible for spiritual affairs within the church.
A16: Objectives and Activities
A17: The Church of Scotland is Trinitarian in doctrine, Reformed in tradition and Presbyterian in polity. It exists to glorify God and to work for the advancement of Christ’s Kingdom throughout the world. As a national Church, it acknowledges a distinctive call and duty to bring the ordinances of religion to the people in every parish of Scotland through a territorial ministry. It co-operates with other Churches in various ecumenical bodies in Scotland and beyond.
A18: Services are conducted each Sunday at 10.00 am. The Sunday School (Suspended at Present) meets in the Haugh of Urr Village Hall
A20: Achievements and Performance
A21: Attendances at Church vary between 6 and 20 People. There were 3 Funerals carried out in Church and 1 Wedding conducted from the Church this year.
A23: Financial Review
A24: The principal source of income is the weekly offerings (Including Gift aid), which has seen an increase of 67.5% from the previous year. | O24: ='Notes to Accounts 7,8,9'!G35+'Notes to Accounts 7,8,9'!G36+'Notes to Accounts 7,8,9'!G37 -> 10873 | P24: ='Notes to Accounts 7,8,9'!M35+'Notes to Accounts 7,8,9'!M36+'Notes to Accounts 7,8,9'!M37 -> 6491 | Q24: =(P24-O24)/P24 -> -0.67508858
A25: A generous bequest of £29,483.42 was received from Stewart MacDonald in 2024. | L25: ='Statement of Funds 14'!H15 -> 33497 | S25: 17457 | T25: 17106 | V25: =S25-T25 -> 351
A27: Reserves Policy | L27: ='Statement of Funds 14'!H16 -> 31197 | V27: =V25/T25*100 -> 2.0519116
A28: It is the Trustees’ policy to hold reserves of approximately six months expenditure including designated funds. At the year end the Church held under local control £64,694. Of this sum, £33,497 has been designated for Fabric Fund. Although this exceeds the amount stated in the policy, the Trustees believe it is prudent to retain these funds to ensure future expenditure can be met. | L28: =SUM(L25:L27) -> 64694 | M28: ='Statement of Funds 14'!H15 -> 33497 | N28: ='Notes to Accounts 7,8,9'!M24 -> 64694
A29: Funds of £111,602 are held by the Church of Scotland General Trustees on behalf of the congregation and the income from these funds is available to meet certain types of Fabric expenditure. Investments with a market value of £17,964 are held with Church of Scotland Investors Trust. | L29: ='Statement of Balances 6'!E20 -> 17964.4 | M29: ='Appendix 10'!C14 -> 24472 | N29: ='Appendix 10'!C12 -> 87130
A31: Statement of Trustees' Responsibilities | M31: =SUM(M29:N29) -> 111602
A32: The members of the Kirk Session / Congregational Board must prepare financial statements which give sufficient detail to enable an appreciation of the transactions of the Church during the financial year. The members of the Kirk Session / Congregational Board are responsible for keeping proper accounting records which, on request, must reflect the financial position of the Church at that time. This must be done to ensure that the financial statements comply with the Charities and Trustee Investment (Scotland) Act 2005, the Charities Accounts (Scotland) Regulations 2006 (as amended) and the Regulations Anent Congregational Finance approved by the General Assembly of the Church of Scotland in 2007. They are also responsible for safeguarding the assets of the Church and must take reasonable steps for the prevention and/or detection of fraud and other irregularities.
A33: Approved by the Trustees on | D33: 46107 | F33: and signed on their behalf by
A34: W.S.McKean
A35: Treasurer

Sheet Independent Examiner 4 
A1: ='Ref & Admin 2'!A1 -> THE CHURCH OF SCOTLAND
A2: ='Ref & Admin 2'!A2 -> URR PARISH CHURCH
A3: INDEPENDENT EXAMINER'S REPORT TO THE TRUSTEES OF URR PARISH CHURCH
A5: I report on the accounts of the charity for the year ended 31st December 2025, which are set out on pages 5 to 10.
A7: Respective responsibilities of trustees and examiner
A8: The charity's trustees are responsible for the preparation of the accounts in accordance with the terms of the Charities and Trustee Investment (Scotland) Act 2005 and the Charities Accounts (Scotland) Regulations 2006. The trustees consider that the audit requirement of Regulation 10(1) (d) of the 2006 Regulations does not apply. It is my responsibility to examine the accounts as required under section 44(1) (c) of the Act and to state whether particular matters have come to my attention.
A10: Basis of independent examiner’s statement
A11: My examination was conducted in accordance with Regulation 11 of the 2006 Accounts Regulations. An examination includes a review of the accounting records kept by the charity, and a comparison of the accounts presented with those records. It also includes consideration of any unusual items or disclosures in the accounts, and seeks explanations from the trustees concerning any such matters. The procedures undertaken do not provide all the evidence that would be required in an audit, and consequently I do not express an audit opinion on the view given by the accounts.
A12: Independent examiner’s statement
A13: In the course of my examination, no matter has come to my attention:
A14: 1. | C14: which gives me reasonable cause to believe that in any material respect the requirements:
B15:  | C15: to keep accounting records in accordance with Section 44 (1)(a) of the 2005 Act and Regulation 4 of the 2006 Accounts Regulations, and
B16:  | C16: to prepare accounts which accord with the accounting records and comply with Regulation 9 of the 2006 Accounts Regulations have not been met, or
A17: 2. | C17: to which, in my opinion, attention should be drawn in order to enable a proper understanding of the accounts to be reached.
A18: ANNE P MORRIS FCA DL
A20: Chartered Accountant
A21: Hardgate
A22: DG7 3LD
A24: ='Trustees'' Annual Report 3'!D33 -> 46107

Sheet Receipts & Payments Acc 5
A1: ='Ref & Admin 2'!A1 -> THE CHURCH OF SCOTLAND
A2: ='Ref & Admin 2'!A2 -> URR PARISH CHURCH
A3: RECEIPTS AND PAYMENTS ACCOUNT
A5: Year ended | C5: ='Ref & Admin 2'!B5 -> 46022
E6: Unrestricted | G6: Restricted
E7: Funds | G7: Funds | J7: Total | L7: Total
E8: 2025 | G8: =E8 -> 2025 | J8: =E8 -> 2025 | L8: 2024
A9: RECEIPTS | C9: Note | E9: £ | G9: £ | J9: £ | L9: £ | O9: Expenses from Trial Balance | R9: TOTAL | S9: Income from Trial Balance | X9: TOTAL
B10: Donations | C10: 3 | E10: ='Notes to Accounts 7,8,9'!G40 -> 11373 | G10: 0 | J10: =SUM(E10:H10) -> 11373 | L10: 36815
B11: Fund raising events | E11: =N11 -> 0 | G11: 0 | J11: =SUM(E11:H11) -> 0 | L11: 0 | N11: =ROUNDUP(Y11,0) -> 0 | O11: 0 | P11: ='2025 Trial Balance'!E54 -> 0 | Q11: 0 | R11: =SUM(O11:Q11) -> 0 | S11: ='2025 Trial Balance'!D25 -> 0 | T11: 0 | U11: 0 | V11: 0 | W11: 0 | X11: =SUM(S11:W11) -> 0 | Y11: =SUM(X11-R11) -> 0
B12: Bank and deposit interest | E12: =N12 -> 0 | G12: =N14 -> 0 | J12: =SUM(E12:H12) -> 0 | L12: 1664 | N12: =ROUNDUP(Y12,0) -> 0 | O12: 0 | P12: 0 | Q12: 0 | R12: 0 | S12: ='2025 Trial Balance'!D87 -> 0 | T12: 0 | U12: 0 | V12: 0 | W12: 0 | X12: 0 | Y12: =SUM(O12:X12) -> 0
B13: Investment income | E13: =N13 -> 428 | G13: 0 | J13: =SUM(E13:H13) -> 428 | L13: 428 | N13: =ROUNDUP(Y13,0) -> 428 | O13: 0 | P13: 0 | Q13: 0 | R13: 0 | S13: =SUM('2025 Trial Balance'!D3) -> 427.8 | T13: 0 | U13: 0 | V13: 0 | W13: 0 | X13: 0 | Y13: =SUM(O13:X13) -> 427.8
E14: =SUM(E10:E13) -> 11801 | G14: =SUM(G10:G13) -> 0 | J14: =SUM(E14:H14) -> 11801 | L14: =SUM(L10:L13) -> 38907 | N14: =ROUNDUP(Y14,0) -> 0 | O14: 0 | P14: 0 | Q14: 0 | R14: 0 | S14: 0 | T14: 0 | U14: 0 | V14: 0 | W14: 0 | X14: 0 | Y14: =SUM(O14:X14) -> 0
B16: Receipts from General Trustees | E16: ='General Trustees 13'!G26 -> 0 | G16: 0 | J16: =SUM(E16:H16) -> 0 | L16: 0 | N16: =ROUNDUP(Y16,0) -> 0 | O16: 0 | P16: 0 | Q16: 0 | R16: 0 | S16: 0 | T16: 0 | U16: 0 | V16: 0 | W16: 0 | X16: 0 | Y16: =SUM(O16:X16) -> 0
A18: TOTAL RECEIPTS | E18: =SUM(E14:E16) -> 11801 | G18: =SUM(G14:G16) -> 0 | J18: =SUM(J14:J16) -> 11801 | L18: =SUM(L14:L16) -> 38907
A20: PAYMENTS | C20: 4
B21: Charitable activities | E21: ='Notes to Accounts 7,8,9'!G61 -> 39604 | G21: ='Notes to Accounts 7,8,9'!I61 -> 0 | J21: =SUM(E21:H21) -> 39604 | L21: 18295 | N21: =ROUNDUP(Y21,0) -> 0 | O21: 0 | P21: 0 | Q21: 0 | R21: 0 | S21: 0 | T21: 0 | U21: 0 | V21: 0 | W21: 0 | X21: 0 | Y21: =SUM(O21:X21) -> 0
B22: Payments to General Trustees | E22: =N22 -> 0 | J22: =SUM(E22:H22) -> 0 | L22: 0 | N22: =ROUNDUP(Y22,0) -> 0 | O22: ='2025 Trial Balance'!E59 -> 0 | P22: 0 | Q22: 0 | R22: 0 | S22: =SUM('2025 Trial Balance'!D12) -> 0 | T22: 0 | U22: 0 | V22: 0 | W22: 0 | X22: 0 | Y22: =SUM(O22:X22) -> 0
B23: Governance costs | E23: ='Notes to Accounts 7,8,9'!G63 -> 0 | J23: =SUM(E23:H23) -> 0 | L23: 0
A25: TOTAL PAYMENTS | E25: =SUM(E21:E23) -> 39604 | G25: =SUM(G21:G23) -> 0 | J25: =SUM(J21:J23) -> 39604 | L25: =SUM(L21:L23) -> 18295
A28: EXCESS OF RECEIPTS OVER PAYMENTS FOR THE YEAR | E28: =SUM(E18-E25) -> -27803 | G28: =SUM(G18-G25) -> 0 | J28: =SUM(J18-J25) -> -27803 | L28: =SUM(L18-L25) -> 20612

Sheet Statement of Balances 6
A1: THE CHURCH OF SCOTLAND
A2: URR PARISH CHURCH
A3: STATEMENT OF BALANCES
A5: As at | C5: ='Ref & Admin 2'!B5 -> 46022
E6: Unrestricted | G6: Restricted
E7: Funds | G7: Funds | I7: Total | K7: Total
E8: 2025 | G8: =E8 -> 2025 | I8: =E8 -> 2025 | K8: 2024
D9: Note | E9: £ | G9: £ | I9: £ | K9: £ | O9: Expenses from Trial Balance | R9: TOTAL | S9: Income from Trial Balance | X9: TOTAL
A10: Bank and deposit balances
A11: Brought forward | E11: =N11 -> 31203 | G11: =N12 -> 0 | I11: =SUM(E11:G11) -> 31203 | K11: 71885 | N11: =ROUNDUP(Y11,0) -> 31203 | O11: 0 | P11: 0 | Q11: 0 | R11: =SUM(O11:Q11) -> 0 | S11: ='2025 Trial Balance'!D88 -> 0 | T11: 0 | U11: ='2025 Trial Balance'!D89 -> 31202.75 | V11: 0 | X11: =SUM(S11:W11) -> 31202.75 | Y11: =SUM(X11-R11) -> 31202.75
N12: =ROUNDUP(Y12,0) -> 0 | O12: 0 | P12: 0 | Q12: 0 | R12: =SUM(O12:Q12) -> 0 | S12: 0 | T12: 0 | U12: 0 | V12: 0 | X12: =SUM(S12:W12) -> 0 | Y12: =SUM(X12-R12) -> 0
A13: Movement in year
A14: Excess of receipts/(payments) for the year | E14: ='Receipts & Payments Acc 5'!E28 -> -27803 | G14: ='Receipts & Payments Acc 5'!G28 -> 0 | I14: =SUM(E14:G14) -> -27803 | K14: 20612
A16: Bank and deposit balances
A17: Carried forward | E17: =SUM(E11:E16) -> 3400 | G17: =SUM(G11:G16) -> 0 | I17: =SUM(E17:G17) -> 3400 | K17: =SUM(K11:K16) -> 92497
O18: Expenses from Trial Balance | R18: TOTAL | S18: Income from Trial Balance | X18: TOTAL
A19: Investments at cost | E19: 3583 | G19: 0 | I19: 3583 | K19: 3583 | N19: =ROUNDUP(Y19,0) -> 0 | O19: 0 | P19: 0 | Q19: 0 | R19: =SUM(O19:Q19) -> 0 | S19: 0 | T19: 0 | U19: 0 | V19: 0 | X19: =SUM(S19:W19) -> 0 | Y19: =SUM(X19-R19) -> 0
A20: Investments at market value | E20: ='2025 Trial Balance'!D79+'2025 Trial Balance'!D80 -> 17964.4 | G20: 0 | I20: =SUM(E20:G20) -> 17964.4 | K20: 16758 | N20: =ROUNDUP(Y20,0) -> 0 | O20: 0 | P20: 0 | Q20: 0 | R20: =SUM(O20:Q20) -> 0 | S20: 0 | T20: 0 | U20: 0 | V20: 0 | X20: =SUM(S20:W20) -> 0 | Y20: =SUM(X20-R20) -> 0
A25: The accounts were approved by the Kirk Session and Financial Board on :- | H25: ='Trustees'' Annual Report 3'!D33 -> 46107
A26: For and on behalf of the Kirk Session and Financial Board
A27: __________________________________________________ -W.S.McKean - Session Clerk
A28: __________________________________________________ - W.S. McKean - Church Treasurer
A30: The notes on pages 7 to 10 form an integral part of these financial statements

Sheet Notes to Accounts 7,8,9
A1: ='Ref & Admin 2'!A1 -> THE CHURCH OF SCOTLAND
A2: ='Ref & Admin 2'!A2 -> URR PARISH CHURCH
A3: NOTES TO THE ACCOUNTS
A5: Year ended | D5: ='Front Page 1'!R5 -> 46022
A7: 1. | B7: Trustee Remuneration and Related Party Transactions
C8: During the year the Minister received reimbursement of travelling and other expenses totalling £1015
A10: 2. | B10: Movements in Funds
E11: At 1 Jan | M11: At 31 Dec
E12: 2025 | G12: Transfer | I12: Receipts | K12: Payments | M12: 2025 | P12: Expenses from Trial Balance | U12: TOTAL | V12: Income from Trial Balance | AA12: TOTAL
E13: £ | G13: £ | I13: £ | K13: £ | M13: £
B14: Unrestricted funds
B15: Designated Fabric Fund | E15: 33497 | G15: 0 | I15: =O15 -> 0 | K15: 0 | M15: =SUM(E15+G15+I15-K15) -> 33497 | O15: =ROUNDUP(AB15,0) -> 0 | P15: 0 | Q15: 0 | R15: 0 | S15: 0 | T15: 0 | U15: =SUM(P15:T15) -> 0 | V15: ='2025 Trial Balance'!D87 -> 0 | W15: 0 | X15: 0 | Y15: 0 | Z15: 0 | AA15: =SUM(V15:Z15) -> 0 | AB15: =SUM(AA15-U15) -> 0
B16: General Fund | E16: 59000 | G16: 0 | I16: ='Receipts & Payments Acc 5'!E18-I15 -> 11801 | K16: ='Receipts & Payments Acc 5'!E25-K15 -> 39604 | M16: =SUM(E16+G16+I16-K16) -> 31197 | O16: =ROUNDUP(AB16,0) -> 0 | P16: 0 | Q16: 0 | R16: 0 | S16: 0 | T16: 0 | U16: =SUM(P16:T16) -> 0 | V16: 0 | W16: 0 | X16: 0 | Y16: 0 | Z16: 0 | AA16: =SUM(V16:Z16) -> 0 | AB16: =SUM(AA16-U16) -> 0
E17: =SUM(E15:E16) -> 92497 | G17: =SUM(G15:G16) -> 0 | I17: =SUM(I15:I16) -> 11801 | K17: =SUM(K15:K16) -> 39604 | M17: =SUM(E17+G17+I17-K17) -> 64694 | AB17: =SUM(AA17-U17) -> 0
B18: Restricted funds | AB18: =SUM(AA18-U18) -> 0
E19: 0 | G19: 0 | I19: 0 | K19: 0 | M19: =SUM(E19+G19+I19-K19) -> 0 | O19: =ROUNDUP(AB19,0) -> 0 | P19: 0 | Q19: 0 | R19: 0 | S19: 0 | T19: 0 | U19: =SUM(P19:T19) -> 0 | V19: ='2025 Trial Balance'!E67 -> 0 | W19: 0 | X19: 0 | Y19: 0 | Z19: 0 | AA19: =SUM(V19:Z19) -> 0 | AB19: =SUM(AA19-U19) -> 0
E20: =S20 -> 0 | G20: =U20 -> 0 | I20: =W20 -> 0 | K20: 0 | M20: 0 | O20: =ROUNDUP(AB20,0) -> 0 | P20: 0 | Q20: 0 | R20: 0 | S20: 0 | T20: 0 | U20: =SUM(P20:T20) -> 0 | V20: ='2025 Trial Balance'!E69 -> 0 | W20: 0 | X20: 0 | Y20: 0 | Z20: 0 | AA20: =SUM(V20:Z20) -> 0 | AB20: =SUM(AA20-U20) -> 0
E21: =SUM(E19:E20) -> 0 | G21: =SUM(G19:G20) -> 0 | I21: =SUM(I19:I20) -> 0 | K21: =SUM(K19:K20) -> 0 | M21: =SUM(E21+G21+I21-K21) -> 0 | AB21: =SUM(AA21-U21) -> 0
AB22: =SUM(AA22-U22) -> 0
AB23: =SUM(AA23-U23) -> 0
B24: Total funds | E24: =SUM(E17+E21) -> 92497 | G24: =SUM(G17+G21) -> 0 | I24: =SUM(I17+I21) -> 11801 | K24: =SUM(K17+K21) -> 39604 | M24: =SUM(M17+M21) -> 64694 | AB24: =SUM(AA24-U24) -> 0
AB25: =SUM(AA25-U25) -> 0
B26: Purposes of Designated Funds | AB26: =SUM(AA26-U26) -> 0
B27: Fabric Fund: The Trustees have set aside funds for the maintenance of the Church property, including Organ repairs. | Q27: =SUM(M35:M37) -> 6491 | R27: =SUM(G35:G37) -> 10873 | S27: =SUM(Q27-R27) -> -4382 | T27: =SUM(S27/Q27) -> -0.67508858 | AB27: =SUM(AA27-U27) -> 0
AB28: =SUM(AA28-U28) -> 0
AB29: =SUM(AA29-U29) -> 0
A30: ='Ref & Admin 2'!A1 -> THE CHURCH OF SCOTLAND | G30: Unrestricted | I30: Restricted | AB30: =SUM(AA30-U30) -> 0
A31: ='Ref & Admin 2'!A2 -> URR PARISH CHURCH | G31: Funds | I31: Funds | K31: Total | M31: Total | AB31: =SUM(AA31-U31) -> 0
A32: NOTES TO THE ACCOUNTS | G32: 2025 | I32: =G32 -> 2025 | K32: =G32 -> 2025 | M32: 2024 | AB32: =SUM(AA32-U32) -> 0
G33: £ | I33: £ | K33: £ | M33: £ | AB33: =SUM(AA33-U33) -> 0
A34: 3. | B34: Analysis of Donations | AB34: =SUM(AA34-U34) -> 0
C35: Gift Aid Donations | G35: =O35 -> 2406 | I35: 0 | K35: =SUM(E35:I35) -> 2406 | M35: 2156 | O35: =ROUNDUP(AB35,0) -> 2406 | P35: 0 | Q35: 0 | R35: 0 | S35: 0 | T35: 0 | U35: =SUM(P35:T35) -> 0 | V35: ='2025 Trial Balance'!D4 -> 2156 | W35: ='2025 Trial Balance'!D6 -> 0 | X35: ='2025 Trial Balance'!D7 -> 250 | Y35: 0 | Z35: 0 | AA35: =SUM(V35:Z35) -> 2406 | AB35: =SUM(AA35-U35) -> 2406
C36: Tax Recovered on Gift Aid Donations | G36: =O36 -> 3655 | I36: 0 | K36: =SUM(E36:I36) -> 3655 | M36: -1075 | O36: =ROUNDUP(AB36,0) -> 3655 | P36: 0 | Q36: 0 | R36: 0 | S36: 0 | T36: 0 | U36: =SUM(P36:T36) -> 0 | V36: ='2025 Trial Balance'!D15 -> 3654.21 | W36: 0 | X36: 0 | Y36: 0 | Z36: 0 | AA36: =SUM(V36:Z36) -> 3654.21 | AB36: =SUM(AA36-U36) -> 3654.21
C37: Ordinary Offerings (Open Plate) | G37: =O37 -> 4812 | I37: 0 | K37: =SUM(E37:I37) -> 4812 | M37: 5410 | O37: =ROUNDUP(AB37,0) -> 4812 | P37: 0 | Q37: 0 | R37: 0 | S37: 0 | T37: 0 | U37: =SUM(P37:T37) -> 0 | V37: ='2025 Trial Balance'!D5 -> 4811.75 | W37: 0 | X37: 0 | Y37: 0 | Z37: 0 | AA37: =SUM(V37:Z37) -> 4811.75 | AB37: =SUM(AA37-U37) -> 4811.75
C38: Weddings and Funerals | G38: =O38 -> 500 | I38: 0 | K38: =SUM(E38:I38) -> 500 | M38: 840 | O38: =ROUNDUP(AB38,0) -> 500 | P38: ='2025 Trial Balance'!E57 -> 100 | Q38: 0 | R38: 0 | S38: 0 | T38: 0 | U38: =SUM(P38:T38) -> 100 | V38: ='2025 Trial Balance'!D13 -> 350 | W38: ='2025 Trial Balance'!D14 -> 250 | X38: 0 | Y38: 0 | Z38: 0 | AA38: =SUM(V38:Z38) -> 600 | AB38: =SUM(AA38-U38) -> 500
C39: Other Offerings, Donations etc | G39: =O39 -> 0 | I39: 0 | K39: =SUM(E39:I39) -> 0 | M39: 29484 | O39: =ROUNDUP(AB39,0) -> 0 | P39: 0 | Q39: ='2025 Trial Balance'!E50 -> 0 | R39: 0 | S39: 0 | T39: 0 | U39: =SUM(P39:T39) -> 0 | V39: 0 | W39: ='2025 Trial Balance'!D8 -> 0 | X39: 0 | Y39: ='2025 Trial Balance'!D22 -> 0 | Z39: ='2025 Trial Balance'!D18 -> 0 | AA39: =SUM(V39:Z39) -> 0 | AB39: =SUM(AA39-U39) -> 0
G40: =SUM(G35:G39) -> 11373 | I40: =SUM(I35:I39) -> 0 | K40: =SUM(K35:K39) -> 11373 | M40: =SUM(M35:M39) -> 36815 | AB40: =SUM(AA40-U40) -> 0
A41: 4. | B41: Analysis of Payments | AB41: =SUM(AA41-U41) -> 0
B42: Charitable activities
C43: Ministries and Mission allocation | G43: =O43 -> 8340 | I43: 0 | K43: =SUM(E43:I43) -> 8340 | M43: 8555 | O43: =ROUNDUP(AB43,0) -> 8340 | P43: ='2025 Trial Balance'!E28 -> 8340 | Q43: 0 | R43: 0 | S43: 0 | T43: 0 | U43: =SUM(P43:T43) -> 8340 | V43: 0 | W43: 0 | X43: 0 | Y43: 0 | Z43: 0 | AA43: =SUM(V43:Z43) -> 0 | AB43: =SUM(U43-AA43) -> 8340
C44: Presbytery dues | G44: =O44 -> 466 | I44: 0 | K44: =SUM(E44:I44) -> 466 | M44: 249 | O44: =ROUNDUP(AB44,0) -> 466 | P44: ='2025 Trial Balance'!E55 -> 465.14 | Q44: 0 | R44: 0 | S44: 0 | T44: 0 | U44: =SUM(P44:T44) -> 465.14 | V44: 0 | W44: 0 | X44: 0 | Y44: 0 | Z44: 0 | AA44: =SUM(V44:Z44) -> 0 | AB44: =SUM(U44-AA44) -> 465.14
C45: Travelling expenses | G45: =O45 -> 0 | I45: 0 | K45: =SUM(E45:I45) -> 0 | M45: 0 | O45: =ROUNDUP(AB45,0) -> 0 | P45: ='2025 Trial Balance'!E42 -> 0 | Q45: 0 | R45: 0 | S45: 0 | T45: 0 | U45: =SUM(P45:T45) -> 0 | V45: 0 | W45: 0 | X45: 0 | Y45: 0 | Z45: 0 | AA45: =SUM(V45:Z45) -> 0 | AB45: =SUM(U45-AA45) -> 0
C46: Minister’s telephone and stationery | G46: =O46 -> 292 | I46: 0 | K46: =SUM(E46:I46) -> 292 | M46: 278 | O46: =ROUNDUP(AB46,0) -> 292 | P46: ='2025 Trial Balance'!E39 -> 291.11 | Q46: 0 | R46: 0 | S46: 0 | T46: 0 | U46: =SUM(P46:T46) -> 291.11 | V46: 0 | W46: 0 | X46: 0 | Y46: 0 | Z46: 0 | AA46: =SUM(V46:Z46) -> 0 | AB46: =SUM(U46-AA46) -> 291.11
C47: Pulpit supply | G47: =O47 -> 0 | I47: 0 | K47: =SUM(E47:I47) -> 0 | M47: 0 | O47: =ROUNDUP(AB47,0) -> 0 | P47: ='2025 Trial Balance'!E37 -> 0 | Q47: 0 | R47: 0 | S47: 0 | T47: 0 | U47: =SUM(P47:T47) -> 0 | V47: ='2025 Trial Balance'!D12 -> 0 | W47: 0 | X47: 0 | Y47: 0 | Z47: 0 | AA47: =SUM(V47:Z47) -> 0 | AB47: =SUM(U47-AA47) -> 0
C48: Organist | G48: =O48 -> 1325 | I48: 0 | K48: =SUM(E48:I48) -> 1325 | M48: 1300 | O48: =ROUNDUP(AB48,0) -> 1325 | P48: ='2025 Trial Balance'!E36 -> 1325 | Q48: 0 | R48: 0 | S48: 0 | T48: 0 | U48: =SUM(P48:T48) -> 1325 | V48: 0 | W48: 0 | X48: 0 | Y48: 0 | Z48: 0 | AA48: =SUM(V48:Z48) -> 0 | AB48: =SUM(U48-AA48) -> 1325
C49: Church Officer | G49: =O49 -> 951 | I49: 0 | K49: =SUM(E49:I49) -> 951 | M49: 1037 | O49: =ROUNDUP(AB49,0) -> 951 | P49: ='2025 Trial Balance'!E31 -> 950.4 | Q49: 0 | R49: 0 | S49: 0 | T49: 0 | U49: =SUM(P49:T49) -> 950.4 | V49: 0 | W49: 0 | X49: 0 | Y49: 0 | Z49: 0 | AA49: =SUM(V49:Z49) -> 0 | AB49: =SUM(U49-AA49) -> 950.4
C50: Rates and Insurance | G50: =O50 -> 3266 | I50: 0 | K50: =SUM(E50:I50) -> 3266 | M50: 2847 | O50: =ROUNDUP(AB50,0) -> 3266 | P50: ='2025 Trial Balance'!E48 -> 3265.84 | Q50: 0 | R50: 0 | S50: 0 | T50: 0 | U50: =SUM(P50:T50) -> 3265.84 | V50: 0 | W50: 0 | X50: 0 | Y50: 0 | Z50: 0 | AA50: =SUM(V50:Z50) -> 0 | AB50: =SUM(U50-AA50) -> 3265.84
C51: Rates ( Community Charge - Manse ) | G51: =O51 -> 775 | I51: 0 | K51: =SUM(E51:I51) -> 775 | M51: 738 | O51: =ROUNDUP(AB51,0) -> 775 | P51: ='2025 Trial Balance'!E40 -> 774.64 | Q51: 0 | R51: 0 | S51: 0 | T51: 0 | U51: =SUM(P51:T51) -> 774.64 | V51: 0 | W51: 0 | X51: 0 | Y51: 0 | Z51: 0 | AA51: =SUM(V51:Z51) -> 0 | AB51: =SUM(U51-AA51) -> 774.64
C52: Church and Manse repairs | G52: =O52 -> 20509 | I52: 0 | K52: =SUM(E52:I52) -> 20509 | M52: 510 | O52: =ROUNDUP(AB52,0) -> 20509 | P52: ='2025 Trial Balance'!E47 -> 20508.78 | Q52: ='2025 Trial Balance'!E41 -> 0 | R52: ='2025 Trial Balance'!E51 -> 0 | S52: =-'2025 Trial Balance'!D17 -> 0 | T52: 0 | U52: =SUM(P52:T52) -> 20508.78 | V52: 0 | W52: 0 | X52: 0 | Y52: 0 | Z52: 0 | AA52: =SUM(V52:Z52) -> 0 | AB52: =SUM(U52-AA52) -> 20508.78
C53: Heat and light | G53: =O53 -> 2835 | I53: 0 | K53: =SUM(E53:I53) -> 2835 | M53: 2057 | O53: =ROUNDUP(AB53,0) -> 2835 | P53: ='2025 Trial Balance'!E30 -> 2834.19 | Q53: 0 | R53: 0 | S53: 0 | T53: 0 | U53: =SUM(P53:T53) -> 2834.19 | V53: 0 | W53: 0 | X53: 0 | Y53: 0 | Z53: 0 | AA53: =SUM(V53:Z53) -> 0 | AB53: =SUM(U53-AA53) -> 2834.19
C54: Other Expenses ( Bible Society Etc., ) | G54: =O54 -> 0 | I54: 0 | K54: =SUM(E54:I54) -> 0 | M54: 0 | O54: =ROUNDUP(AB54,0) -> 0 | P54: ='2025 Trial Balance'!E34 -> 0 | Q54: 0 | R54: 0 | S54: 0 | T54: 0 | U54: =SUM(P54:T54) -> 0 | V54: 0 | W54: 0 | X54: 0 | Y54: 0 | Z54: 0 | AA54: =SUM(V54:Z54) -> 0 | AB54: =SUM(U54-AA54) -> 0
C55: Church office expenses | G55: =O55 -> 0 | I55: 0 | K55: =SUM(E55:I55) -> 0 | M55: 0 | O55: =ROUNDUP(AB55,0) -> 0 | P55: 0 | Q55: 0 | R55: 0 | S55: 0 | T55: 0 | U55: =SUM(P55:T55) -> 0 | V55: 0 | W55: 0 | X55: 0 | Y55: 0 | Z55: 0 | AA55: =SUM(V55:Z55) -> 0 | AB55: =SUM(U55-AA55) -> 0
C56: Organ Maintenance | G56: =O56 -> 250 | I56: 0 | K56: =SUM(E56:I56) -> 250 | M56: 0 | O56: =ROUNDUP(AB56,0) -> 250 | P56: ='2025 Trial Balance'!E56 -> 250 | Q56: 0 | R56: 0 | S56: 0 | T56: 0 | U56: =SUM(P56:T56) -> 250 | V56: 0 | W56: 0 | X56: 0 | Y56: 0 | Z56: 0 | AA56: =SUM(V56:Z56) -> 0 | AB56: =SUM(U56-AA56) -> 250
C57: Life and Work | G57: =O57 -> 0 | I57: 0 | K57: =SUM(E57:I57) -> 0 | M57: 0 | O57: =ROUNDUP(AB57,0) -> 0 | P57: ='2025 Trial Balance'!E43 -> 0 | Q57: 0 | R57: 0 | S57: 0 | T57: 0 | U57: =SUM(P57:T57) -> 0 | V57: ='2025 Trial Balance'!D10 -> 0 | W57: 0 | X57: 0 | Y57: 0 | Z57: 0 | AA57: =SUM(V57:Z57) -> 0 | AB57: =SUM(U57-AA57) -> 0
C58: Flowers ,Candles & Communion Exps | G58: =O58 -> 402 | I58: 0 | K58: =SUM(E58:I58) -> 402 | M58: 256 | O58: =ROUNDUP(AB58,0) -> 402 | P58: ='2025 Trial Balance'!E33 -> 112.98 | Q58: ='2025 Trial Balance'!E46 -> 288.65 | R58: 0 | S58: 0 | T58: 0 | U58: =SUM(P58:T58) -> 401.63 | V58: 0 | W58: 0 | X58: 0 | Y58: 0 | Z58: 0 | AA58: =SUM(V58:Z58) -> 0 | AB58: =SUM(U58-AA58) -> 401.63
C59: Printing, stationery and postage | G59: =O59 -> 193 | I59: 0 | K59: =SUM(E59:I59) -> 193 | M59: 401 | O59: =ROUNDUP(AB59,0) -> 193 | P59: ='2025 Trial Balance'!E45 -> 192.82 | Q59: 0 | R59: 0 | S59: 0 | T59: 0 | U59: =SUM(P59:T59) -> 192.82 | V59: 0 | W59: 0 | X59: 0 | Y59: 0 | Z59: 0 | AA59: =SUM(V59:Z59) -> 0 | AB59: =SUM(U59-AA59) -> 192.82
C60: Sundry expenses | G60: =O60 -> 0 | I60: 0 | K60: =SUM(E60:I60) -> 0 | M60: 67 | O60: =ROUNDUP(AB60,0) -> 0 | P60: ='2025 Trial Balance'!E38 -> 0 | Q60: 0 | R60: 0 | S60: 0 | T60: 0 | U60: =SUM(P60:T60) -> 0 | V60: 0 | W60: ='2025 Trial Balance'!E5 -> 0 | X60: ='2025 Trial Balance'!E24 -> 0 | Y60: 0 | Z60: 0 | AA60: =SUM(V60:Z60) -> 0 | AB60: =SUM(U60-AA60) -> 0
G61: =SUM(G43:G60) -> 39604 | I61: =SUM(I43:I60) -> 0 | K61: =SUM(K43:K60) -> 39604 | M61: =SUM(M43:M60) -> 18295 | AB61: =SUM(AA61-U61) -> 0
B62: Governance costs | V62: rounding to balance to TB payments
C63: Independent examiner’s fees | G63: 0 | I63: 0 | K63: =SUM(E63:I63) -> 0 | M63: 0
G64: =SUM(G63:G63) -> 0 | I64: =SUM(I63:I63) -> 0 | K64: =SUM(E64:I64) -> 0 | M64: =M63 -> 0
C66: TOTAL PAYMENTS | E66: =SUM(G40-G66) -> -28231 | G66: =SUM(G61+G63) -> 39604 | I66: =SUM(I61+I63) -> 0 | K66: =SUM(K61+K63) -> 39604 | M66: =SUM(M61+M63) -> 18295 | AB66: =SUM(AB43:AB61) -> 39599.55
AB67: agrees TB K61
A68: 5. | B68: Minister’s Stipend
B69: All Church of Scotland congregations contribute to the National Stipend Fund which bears the costs of all ministers' stipends and employer's contributions for national insurance, pension and housing and loan fund. Ministers' stipends are paid in accordance with the National Stipend Scale, which is related to years of service. For the year under review, the minimum stipend was £32,433 and the maximum stipend (for the 5th and subsequent year of service) was £39,856.
A71: 6. | B71: Collections for Third Parties
B72: In addition to the General Income Fund recorded in note 3, the following income from Special Collections was received and disbursed during the year to other charities.
K73: 2025 | M73: 2024
K74: £ | M74: £
C76: Christian Aid | K76: =O76 -> 0 | M76: 0 | O76: =ROUNDUP(AB76,0) -> 0 | P76: ='2025 Trial Balance'!E50 -> 0 | Q76: 0 | R76: 0 | S76: 0 | T76: 0 | U76: =SUM(P76:T76) -> 0 | V76: 0 | W76: 0 | X76: 0 | Y76: 0 | Z76: 0 | AA76: =SUM(V76:Z76) -> 0 | AB76: =SUM(U76-AA76) -> 0
A78: 7. | B78: Statement of Accounting Policies
B79: The Accounts are prepared under the historical cost convention on a receipts and payments basis. Fixed assets acquired are therefore written off to expenditure in the year of acquisition.
B80: Heritable properties, consisting of the Church, Hall and Manse, are not recorded in the Accounts, being vested in the Church of Scotland General Trustees
B81: Normal fabric repairs and maintenance are charged to the Congregation's General Fund. Extraordinary fabric repairs and improvements are met by the Fabric Fund and / or by special fund raising efforts
M84: .

Sheet Appendix 10
A1: ='Ref & Admin 2'!A1 -> THE CHURCH OF SCOTLAND
A2: ='Ref & Admin 2'!A2 -> URR PARISH CHURCH
A4: APPENDIX
A6: FUNDS HELD ON BEHALF OF THE CONGREGATION
A7: BY THE CHURCH OF SCOTLAND GENERAL TRUSTEES
C8: 2025 | E8: 2024 | H8: Expenses from Trial Balance | K8: TOTAL | L8: Income from Trial Balance | Q8: TOTAL
C9: £ | E9: £
A10: CAPITAL ACCOUNT
A11: Investments held at 31 December at cost | C11: ='General Trustees 13'!G10 -> 56781 | E11: 56781 | G11: =ROUNDUP(R11,0) -> 0 | H11: 0 | I11: 0 | J11: 0 | K11: =SUM(H11:J11) -> 0 | L11: 0 | M11: 0 | N11: 0 | O11: 0 | Q11: =SUM(L11:P11) -> 0 | R11: =SUM(Q11-K11) -> 0
A12: At Market Value at 31 December | C12: ='General Trustees 13'!G12 -> 87130 | E12: 83117 | G12: =ROUNDUP(R12,0) -> 0 | H12: 0 | I12: 0 | J12: 0 | K12: =SUM(H12:J12) -> 0 | L12: 0 | M12: 0 | N12: 0 | O12: 0 | Q12: =SUM(L12:P12) -> 0 | R12: =SUM(Q12-K12) -> 0
A13: REVENUE ACCOUNT
A14: Credit Balance at 31 December | C14: ='General Trustees 13'!G30 -> 24472 | E14: 20964 | G14: =ROUNDUP(R14,0) -> 24472 | H14: 0 | I14: 0 | J14: 0 | K14: =SUM(H14:J14) -> 0 | L14: ='General Trustees 13'!G30 -> 24472 | M14: 0 | N14: 0 | O14: 0 | Q14: =SUM(L14:P14) -> 24472 | R14: =SUM(Q14-K14) -> 24472
A17: TOTAL FUNDS HELD AT 31 DECEMBER | C17: =C12+C14 -> 111602 | E17: =E12+E14 -> 104081

Sheet Cong I and E 11,12
A1: ='Ref & Admin 2'!A1 -> THE CHURCH OF SCOTLAND
A2: ='Ref & Admin 2'!A2 -> URR PARISH CHURCH
A3: CONGREGATIONAL INCOME AND EXPENDITURE ACCOUNT
A5: ='Receipts & Payments Acc 5'!A5 -> Year ended | C5: ='Front Page 1'!R5 -> 46022
H6: 2025 | J6: 2024 | M6: Expenses from Trial Balance | P6: TOTAL | Q6: Income from Trial Balance | V6: TOTAL
H7: £ | J7: £
A8: INCOME
A9: Offerings
A10: Gift Aid | H10: ='Notes to Accounts 7,8,9'!G35 -> 2406 | J10: 2156 | L10: =ROUNDUP(W10,0) -> 0 | M10: 0 | N10: 0 | O10: 0 | P10: =SUM(M10:O10) -> 0 | Q10: 0 | R10: 0 | S10: 0 | T10: 0 | V10: =SUM(Q10:U10) -> 0 | W10: =SUM(V10-P10) -> 0
A11: Income tax recovered on Gift Aid | H11: ='Notes to Accounts 7,8,9'!G36 -> 3655 | J11: -1075 | L11: =ROUNDUP(W11,0) -> 0 | M11: 0 | N11: 0 | O11: 0 | P11: =SUM(M11:O11) -> 0 | Q11: 0 | R11: 0 | S11: 0 | T11: 0 | V11: =SUM(Q11:U11) -> 0 | W11: =SUM(V11-P11) -> 0
A12: Ordinary Offerings | H12: ='Notes to Accounts 7,8,9'!G37 -> 4812 | J12: 5410 | L12: =ROUNDUP(W12,0) -> 0 | M12: 0 | N12: 0 | O12: 0 | P12: =SUM(M12:O12) -> 0 | Q12: 0 | R12: 0 | S12: 0 | T12: 0 | V12: =SUM(Q12:U12) -> 0 | W12: =SUM(V12-P12) -> 0
A13: Other Offerings and Donations | H13: ='Notes to Accounts 7,8,9'!G39 -> 0 | J13: 29484 | L13: =ROUNDUP(W13,0) -> 0 | M13: 0 | N13: 0 | O13: 0 | P13: =SUM(M13:O13) -> 0 | Q13: 0 | R13: 0 | S13: 0 | T13: 0 | V13: =SUM(Q13:U13) -> 0 | W13: =SUM(V13-P13) -> 0
H14: =SUM(H10:H13) -> 10873 | J14: =SUM(J10:J13) -> 35975
A15: Other Ordinary General Income
A16: Weddings and funerals | H16: ='Notes to Accounts 7,8,9'!G38 -> 500 | J16: 840 | L16: =ROUNDUP(W16,0) -> 0 | M16: 0 | N16: 0 | O16: 0 | P16: =SUM(M16:O16) -> 0 | Q16: 0 | R16: 0 | S16: 0 | T16: 0 | V16: =SUM(Q16:U16) -> 0 | W16: =SUM(V16-P16) -> 0
A17: Receipts from General Trustees | H17: ='General Trustees 13'!G26 -> 0 | J17: 0 | L17: =ROUNDUP(W17,0) -> 0 | M17: 0 | N17: 0 | O17: 0 | P17: =SUM(M17:O17) -> 0 | Q17: 0 | R17: 0 | S17: 0 | T17: 0 | V17: =SUM(Q17:U17) -> 0 | W17: =SUM(V17-P17) -> 0
A18: Investment income | H18: ='Receipts & Payments Acc 5'!E13 -> 428 | J18: 428 | L18: =ROUNDUP(W18,0) -> 0 | M18: 0 | N18: 0 | O18: 0 | P18: =SUM(M18:O18) -> 0 | Q18: 0 | R18: 0 | S18: 0 | T18: 0 | V18: =SUM(Q18:U18) -> 0 | W18: =SUM(V18-P18) -> 0
A19: Fund raising events | H19: ='Receipts & Payments Acc 5'!E11 -> 0 | J19: 0 | L19: =ROUNDUP(W19,0) -> 0 | M19: 0 | N19: 0 | O19: 0 | P19: =SUM(M19:O19) -> 0 | Q19: 0 | R19: 0 | S19: 0 | T19: 0 | V19: =SUM(Q19:U19) -> 0 | W19: =SUM(V19-P19) -> 0
A20: Flower fund | H20: ='Notes to Accounts 7,8,9'!G16 -> 0 | J20: 0 | L20: =ROUNDUP(W20,0) -> 0 | M20: 0 | N20: 0 | O20: 0 | P20: =SUM(M20:O20) -> 0 | Q20: 0 | R20: 0 | S20: 0 | T20: 0 | V20: =SUM(Q20:U20) -> 0 | W20: =SUM(V20-P20) -> 0
H21: =SUM(H16:H20) -> 928 | J21: =SUM(J16:J20) -> 1268
A23: TOTAL ORDINARY GENERAL INCOME | H23: =H14+H21 -> 11801 | J23: =J14+J21 -> 37243
A25: TOTAL ORDINARY GENERAL EXPENDITURE | H25: =H78 -> 39604 | J25: =J78 -> 18295 | L25: =ROUNDUP(W25,0) -> 0 | M25: 0 | N25: 0 | O25: 0 | P25: =SUM(M25:O25) -> 0 | R25: 0 | S25: 0 | T25: 0 | V25: =SUM(Q25:U25) -> 0 | W25: =SUM(V25-P25) -> 0
A27: EXCESS GENERAL INCOME/(EXPENDITURE) | H27: =H23-H25 -> -27803 | J27: =J23-J25 -> 18948
A28: TRANSFERS TO DESIGNATED FABRIC FUND | H28: 0 | J28: 0 | L28: =ROUNDUP(W28,0) -> 0 | M28: 0 | N28: 0 | O28: 0 | P28: =SUM(M28:O28) -> 0 | Q28: 0 | R28: 0 | S28: 0 | T28: 0 | V28: =SUM(Q28:U28) -> 0 | W28: =SUM(V28-P28) -> 0
A29: GENERAL FUND BALANCE AT 1 JANUARY 2024 | H29: =J31 -> 59000 | J29: 40052
A31: GENERAL FUND BALANCE AT 31 DECEMBER 2024 | H31: =H27+H29+H28 -> 31197 | J31: =J27+J28+J29 -> 59000
A34: =A1 -> THE CHURCH OF SCOTLAND
A35: =A2 -> URR PARISH CHURCH
A36: CONGREGATIONAL INCOME AND EXPENDITURE ACCOUNT
A38: =A5 -> Year ended | C38: =C5 -> 46022
H39: =H6 -> 2025 | J39: =J6 -> 2024
H40: £ | J40: £
A41: EXPENDITURE
A42: National Ministry and Mission and wider work | M42: Expenses from Trial Balance | P42: TOTAL | Q42: Income from Trial Balance | V42: TOTAL | W42: =SUM(S42:V42) -> 0
A43: Ministries and Mission allocation | H43: =L43 -> 12104 | J43: 13955 | L43: =ROUNDUP(W43,0) -> 12104 | M43: ='2025 Trial Balance'!D82 -> 12104 | N43: 0 | O43: 0 | P43: =SUM(M43:O43) -> 12104 | Q43: 0 | R43: 0 | S43: 0 | T43: 0 | V43: =SUM(Q43:U43) -> 0 | W43: =SUM(P43) -> 12104
A44: Less: | L44: =ROUNDUP(W44,0) -> 0 | M44: 0 | N44: 0 | O44: 0 | P44: =SUM(M44:O44) -> 0 | Q44: 0 | R44: 0 | S44: 0 | T44: 0 | V44: =SUM(Q44:U44) -> 0 | W44: =SUM(P44) -> 0
B45: Presbytery Allowance | H45: =L45 -> 0 | J45: -1597 | L45: =ROUNDUP(W45,0) -> 0 | M45: ='2025 Trial Balance'!D83 -> 0 | N45: 0 | O45: 0 | P45: =SUM(M45:O45) -> 0 | Q45: 0 | R45: 0 | S45: 0 | T45: 0 | V45: =SUM(Q45:U45) -> 0 | W45: =SUM(P45) -> 0
B46: Endowments | H46: =L46 -> -2634 | J46: -2673 | L46: =ROUNDUP(W46,0) -> -2634 | M46: ='2025 Trial Balance'!D84 -> -2634 | N46: 0 | O46: 0 | P46: =SUM(M46:O46) -> -2634 | Q46: 0 | R46: 0 | S46: 0 | T46: 0 | V46: =SUM(Q46:U46) -> 0 | W46: =SUM(P46) -> -2634
B47: Glebe Rent | H47: =L47 -> -1130 | J47: -1130 | L47: =ROUNDUP(W47,0) -> -1130 | M47: ='2025 Trial Balance'!D85 -> -1130 | N47: 0 | O47: 0 | P47: =SUM(M47:O47) -> -1130 | Q47: 0 | R47: 0 | S47: 0 | T47: 0 | V47: =SUM(Q47:U47) -> 0 | W47: =SUM(P47) -> -1130
B48: Other Endowment | H48: =L48 -> 0 | J48: 0 | L48: =ROUNDUP(W48,0) -> 0 | M48: ='2025 Trial Balance'!D86 -> 0 | N48: 0 | O48: 0 | P48: =SUM(M48:O48) -> 0 | Q48: 0 | R48: 0 | S48: 0 | T48: 0 | V48: =SUM(Q48:U48) -> 0 | W48: =SUM(P48) -> 0
A49: Presbytery Dues | H49: ='Notes to Accounts 7,8,9'!G44 -> 466 | J49: 249 | L49: =ROUNDUP(W49,0) -> 0 | M49: 0 | N49: 0 | O49: 0 | P49: =SUM(M49:O49) -> 0 | Q49: 0 | R49: 0 | S49: 0 | T49: 0 | V49: =SUM(Q49:U49) -> 0 | W49: =SUM(P49) -> 0
H50: =SUM(H43:H49) -> 8806 | J50: =SUM(J43:J49) -> 8804
A51: Local Staffing costs | W51: =SUM(S51:V51) -> 0
A52: Travelling expenses | H52: ='Notes to Accounts 7,8,9'!G45 -> 0 | J52: 0 | L52: =ROUNDUP(W52,0) -> 0 | M52: 0 | N52: 0 | O52: 0 | P52: =SUM(M52:O52) -> 0 | Q52: 0 | R52: 0 | S52: 0 | T52: 0 | V52: =SUM(Q52:U52) -> 0 | W52: =SUM(P52) -> 0
A53: Minister’s telephone and stationery | H53: ='Notes to Accounts 7,8,9'!G46 -> 292 | J53: 278 | L53: =ROUNDUP(W53,0) -> 0 | M53: 0 | N53: 0 | O53: 0 | P53: =SUM(M53:O53) -> 0 | Q53: 0 | R53: 0 | S53: 0 | T53: 0 | V53: =SUM(Q53:U53) -> 0 | W53: =SUM(P53) -> 0
A54: Pulpit supply | H54: ='Notes to Accounts 7,8,9'!G47 -> 0 | J54: 0 | L54: =ROUNDUP(W54,0) -> 0 | M54: 0 | N54: 0 | O54: 0 | P54: =SUM(M54:O54) -> 0 | Q54: 0 | R54: 0 | S54: 0 | T54: 0 | V54: =SUM(Q54:U54) -> 0 | W54: =SUM(P54) -> 0
A55: Organist | H55: ='Notes to Accounts 7,8,9'!G48 -> 1325 | J55: 1300 | L55: =ROUNDUP(W55,0) -> 0 | M55: 0 | N55: 0 | O55: 0 | P55: =SUM(M55:O55) -> 0 | Q55: 0 | R55: 0 | S55: 0 | T55: 0 | V55: =SUM(Q55:U55) -> 0 | W55: =SUM(P55) -> 0
A56: Church Officer | H56: ='Notes to Accounts 7,8,9'!G49 -> 951 | J56: 1037 | L56: =ROUNDUP(W56,0) -> 0 | M56: 0 | N56: 0 | O56: 0 | P56: =SUM(M56:O56) -> 0 | Q56: 0 | R56: 0 | S56: 0 | T56: 0 | V56: =SUM(Q56:U56) -> 0 | W56: =SUM(P56) -> 0
H57: =SUM(H52:H56) -> 2568 | J57: =SUM(J52:J56) -> 2615
H59: =H6 -> 2025 | J59: =J6 -> 2024
H60: £ | J60: £
A61: Buildings costs | W61: =SUM(S61:V61) -> 0
A62: Rates and insurance | H62: ='Notes to Accounts 7,8,9'!G50 -> 3266 | J62: 2847 | L62: =ROUNDUP(W62,0) -> 0 | M62: 0 | N62: 0 | O62: 0 | P62: =SUM(M62:O62) -> 0 | Q62: 0 | R62: 0 | S62: 0 | T62: 0 | V62: =SUM(Q62:U62) -> 0 | W62: =SUM(P62) -> 0
A63: Rates ( Community Charge - Manse ) | H63: ='Notes to Accounts 7,8,9'!G51 -> 775 | J63: 738 | L63: =ROUNDUP(W63,0) -> 0 | M63: 0 | N63: 0 | O63: 0 | P63: =SUM(M63:O63) -> 0 | Q63: 0 | R63: 0 | S63: 0 | T63: 0 | V63: =SUM(Q63:U63) -> 0 | W63: =SUM(P63) -> 0
A64: Church and Manse repairs | H64: ='Notes to Accounts 7,8,9'!G52-'Notes to Accounts 7,8,9'!K15 -> 20509 | J64: 510 | L64: =ROUNDUP(W64,0) -> 0 | M64: 0 | N64: 0 | O64: 0 | P64: =SUM(M64:O64) -> 0 | Q64: 0 | R64: 0 | S64: 0 | T64: 0 | V64: =SUM(Q64:U64) -> 0 | W64: =SUM(P64) -> 0
H65: =SUM(H62:H64) -> 24550 | J65: =SUM(J62:J64) -> 4095
A66: Other local costs | W66: =SUM(S66:V66) -> 0
A67: Heat and light | H67: ='Notes to Accounts 7,8,9'!G53 -> 2835 | J67: 2057 | L67: =ROUNDUP(W67,0) -> 0 | M67: 0 | N67: 0 | O67: 0 | P67: =SUM(M67:O67) -> 0 | Q67: 0 | R67: 0 | S67: 0 | T67: 0 | V67: =SUM(Q67:U67) -> 0 | W67: =SUM(P67) -> 0
A68: Other Expenses ( Bible Society Etc., ) | H68: ='Notes to Accounts 7,8,9'!G54 -> 0 | J68: 0 | L68: =ROUNDUP(W68,0) -> 0 | M68: 0 | N68: 0 | O68: 0 | P68: =SUM(M68:O68) -> 0 | Q68: 0 | R68: 0 | S68: 0 | T68: 0 | V68: =SUM(Q68:U68) -> 0 | W68: =SUM(P68) -> 0
A69: Church office expenses | H69: ='Notes to Accounts 7,8,9'!G55 -> 0 | J69: 0 | L69: =ROUNDUP(W69,0) -> 0 | M69: 0 | N69: 0 | O69: 0 | P69: =SUM(M69:O69) -> 0 | Q69: 0 | R69: 0 | S69: 0 | T69: 0 | V69: =SUM(Q69:U69) -> 0 | W69: =SUM(P69) -> 0
A70: Organ maintenance | H70: ='Notes to Accounts 7,8,9'!G56 -> 250 | J70: 0 | L70: =ROUNDUP(W70,0) -> 0 | M70: 0 | N70: 0 | O70: 0 | P70: =SUM(M70:O70) -> 0 | Q70: 0 | R70: 0 | S70: 0 | T70: 0 | V70: =SUM(Q70:U70) -> 0 | W70: =SUM(P70) -> 0
A71: Life and Work net deficit | H71: ='Notes to Accounts 7,8,9'!G57 -> 0 | J71: 0 | L71: =ROUNDUP(W71,0) -> 0 | M71: 0 | N71: 0 | O71: 0 | P71: =SUM(M71:O71) -> 0 | Q71: 0 | R71: 0 | S71: 0 | T71: 0 | V71: =SUM(Q71:U71) -> 0 | W71: =SUM(P71) -> 0
A72: Flowers & Candles | H72: ='Notes to Accounts 7,8,9'!G58 -> 402 | J72: 256 | L72: =ROUNDUP(W72,0) -> 0 | M72: 0 | N72: 0 | O72: 0 | P72: =SUM(M72:O72) -> 0 | Q72: 0 | R72: 0 | S72: 0 | T72: 0 | V72: =SUM(Q72:U72) -> 0 | W72: =SUM(P72) -> 0
A73: Printing, stationery and postage | H73: ='Notes to Accounts 7,8,9'!G59 -> 193 | J73: 401 | L73: =ROUNDUP(W73,0) -> 0 | M73: 0 | N73: 0 | O73: 0 | P73: =SUM(M73:O73) -> 0 | Q73: 0 | R73: 0 | S73: 0 | T73: 0 | V73: =SUM(Q73:U73) -> 0 | W73: =SUM(P73) -> 0
A74: Sundry expenses | H74: ='Notes to Accounts 7,8,9'!G60 -> 0 | J74: 67 | L74: =ROUNDUP(W74,0) -> 0 | M74: 0 | N74: 0 | O74: 0 | P74: =SUM(M74:O74) -> 0 | Q74: 0 | R74: 0 | S74: 0 | T74: 0 | V74: =SUM(Q74:U74) -> 0 | W74: =SUM(P74) -> 0
A75: Independent examiner’s fees | H75: ='Notes to Accounts 7,8,9'!G63 -> 0 | J75: 0 | L75: =ROUNDUP(W75,0) -> 0 | M75: 0 | N75: 0 | O75: 0 | P75: =SUM(M75:O75) -> 0 | Q75: 0 | R75: 0 | S75: 0 | T75: 0 | V75: =SUM(Q75:U75) -> 0 | W75: =SUM(P75) -> 0
H76: =SUM(H67:H75) -> 3680 | J76: =SUM(J67:J75) -> 2781
A78: TOTAL ORDINARY GENERAL EXPENDITURE | H78: =H50+H57+H65+H76 -> 39604 | J78: =J50+J57+J65+J76 -> 18295

Sheet General Trustees 13
A1: ='Statement of Funds 14'!A1 -> THE CHURCH OF SCOTLAND
A2: ='Statement of Funds 14'!A2 -> URR PARISH CHURCH
A3: FUNDS HELD ON BEHALF OF CONGREGATION
A4: BY THE CHURCH OF SCOTLAND GENERAL TRUSTEES
G5: 2025 | I5: 2024 | M5: Expenses from Trial Balance | P5: TOTAL | Q5: Income from Trial Balance | V5: TOTAL
A6: CAPITAL ACCOUNT | G6: £ | I6: £
A8: Church of Scotland Consolidated Fabric Fund
A9: Shares in Growth and Income Funds, and deposits held
A10: At cost | G10: =L10 -> 56781 | I10: 56781 | L10: =ROUNDUP(W10,0) -> 56781 | M10: 0 | N10: 0 | O10: 0 | P10: =SUM(M10:O10) -> 0 | Q10: ='2025 Trial Balance'!D69 -> 56781 | R10: ='2025 Trial Balance'!D71 -> 0 | S10: ='2025 Trial Balance'!D73 -> 0 | T10: 0 | V10: =SUM(Q10:U10) -> 56781 | W10: =SUM(V10-P10) -> 56781
A12: At Market value as at | C12: ='Front Page 1'!R5 -> 46022 | G12: =L12 -> 87130 | I12: 83117 | L12: =ROUNDUP(W12,0) -> 87130 | M12: 0 | N12: 0 | O12: 0 | P12: =SUM(M12:O12) -> 0 | Q12: ='2025 Trial Balance'!D74 -> 87130 | R12: ='2025 Trial Balance'!D72 -> 0 | S12: ='2025 Trial Balance'!D70 -> 0 | T12: 0 | V12: =SUM(Q12:U12) -> 87130 | W12: =SUM(V12-P12) -> 87130
A14: REVENUE ACCOUNT
A16: Income
A17: Transfer from bank account | G17: =L17 -> 0 | I17: 0 | L17: =ROUNDUP(W17,0) -> 0 | M17: ='2025 Trial Balance'!E59 -> 0 | N17: 0 | O17: 0 | P17: =SUM(M17:O17) -> 0 | Q17: 0 | R17: 0 | S17: 0 | T17: 0 | V17: =SUM(Q17:U17) -> 0 | W17: =SUM(V17-P17) -> 0
A18: Interest - Revenue account | G18: =L18 -> 951 | I18: 757 | L18: =ROUNDUP(W18,0) -> 951 | M18: 0 | N18: 0 | O18: 0 | P18: =SUM(M18:O18) -> 0 | Q18: ='2025 Trial Balance'!D90 -> 950.52 | R18: 0 | S18: 0 | T18: 0 | V18: =SUM(Q18:U18) -> 950.52 | W18: =SUM(V18-P18) -> 950.52
A19: Investment income - Capital account | G19: =L19 -> 2559 | I19: 3027 | L19: =ROUNDUP(W19,0) -> 2559 | M19: 0 | N19: 0 | O19: 0 | P19: =SUM(M19:O19) -> 0 | Q19: ='2025 Trial Balance'!D91 -> 2558.68 | R19: 0 | S19: 0 | T19: 0 | V19: =SUM(Q19:U19) -> 2558.68 | W19: =SUM(V19-P19) -> 2558.68
G20: =+G18+G19+G17 -> 3510 | I20: =SUM(I17:I19) -> 3784
A22: Expenditure
A23: Church heat and light | G23: =L23 -> 0 | I23: 0 | L23: =ROUNDUP(W23,0) -> 0 | M23: ='2025 Trial Balance'!D24 -> 0 | N23: 0 | O23: 0 | P23: =SUM(M23:O23) -> 0 | Q23: 0 | R23: 0 | S23: 0 | T23: 0 | V23: =SUM(Q23:U23) -> 0 | W23: =SUM(P23-V23) -> 0
A24: Insurance | G24: =L24 -> 0 | I24: 0 | L24: =ROUNDUP(W24,0) -> 0 | M24: ='2025 Trial Balance'!D23 -> 0 | N24: 0 | O24: 0 | P24: =SUM(M24:O24) -> 0 | Q24: 0 | R24: 0 | S24: 0 | T24: 0 | V24: =SUM(Q24:U24) -> 0 | W24: =SUM(P24-V24) -> 0
A25: Church and Manse repairs | G25: =L25 -> 0 | I25: 0 | L25: =ROUNDUP(W25,0) -> 0 | M25: ='2025 Trial Balance'!D16 -> 0 | N25: 0 | O25: 0 | P25: =SUM(M25:O25) -> 0 | Q25: 0 | R25: 0 | S25: 0 | T25: 0 | V25: =SUM(Q25:U25) -> 0 | W25: =SUM(P25-V25) -> 0
G26: =SUM(G23:G25) -> 0 | I26: =SUM(I23:I25) -> 0
A28: Excess of expenditure over income | G28: =G20-G26 -> 3510 | I28: =I20-I26 -> 3784
A29: As at | B29: 1st January 2025 | G29: =I30 -> 20962 | I29: 17178
A30: As at | B30: ='Front Page 1'!R5 -> 46022 | G30: =SUM(G28:G29) -> 24472 | I30: =SUM(I28:I29) -> 20962
A33: TOTAL FUNDS AT 31 DECEMBER | G33: =G12+G30 -> 111602 | I33: =I12+I30 -> 104079

Sheet Statement of Funds 14
A1: ='Statement of Balances 6'!A1:A5 -> THE CHURCH OF SCOTLAND
A2: ='Statement of Balances 6'!A2:A6 -> URR PARISH CHURCH
A3: STATEMENT OF FUNDS
H4: 2025 | J4: 2024 | M4: Expenses from Trial Balance | P4: TOTAL | Q4: Income from Trial Balance | V4: TOTAL
A5: ='Statement of Balances 6'!A5:A9 -> As at | B5: ='Front Page 1'!R5 -> 46022
H6: £ | J6: £
A7: FUNDS
A8: Unrestricted Funds
B9: General Fund | H9: ='Notes to Accounts 7,8,9'!M16 -> 31197 | J9: 59000 | L9: =ROUNDUP(W9,0) -> 0 | M9: 0 | N9: 0 | O9: 0 | P9: =SUM(M9:O9) -> 0 | Q9: 0 | R9: 0 | S9: 0 | T9: 0 | V9: =SUM(Q9:U9) -> 0 | W9: =SUM(V9-P9) -> 0
B10: Fabric Fund | H10: ='Notes to Accounts 7,8,9'!M15 -> 33497 | J10: 33497 | L10: =ROUNDUP(W10,0) -> 0 | M10: 0 | N10: 0 | O10: 0 | P10: =SUM(M10:O10) -> 0 | Q10: 0 | R10: 0 | S10: 0 | T10: 0 | V10: =SUM(Q10:U10) -> 0 | W10: =SUM(V10-P10) -> 0
H11: =H9+H10 -> 64694 | J11: =J9+J10 -> 92497
A12: Represented by
A14: ASSETS
A15: Short term deposits | H15: ='Notes to Accounts 7,8,9'!M15 -> 33497 | J15: 33497 | L15: =ROUNDUP(W15,0) -> 0 | M15: 0 | N15: 0 | O15: 0 | P15: =SUM(M15:O15) -> 0 | Q15: 0 | R15: 0 | S15: 0 | T15: 0 | V15: =SUM(Q15:U15) -> 0 | W15: =SUM(V15-P15) -> 0
A16: Bank current account | H16: =L16-5 -> 31197 | J16: 59000 | L16: =ROUNDDOWN(W16,0) -> 31202 | M16: 0 | N16: 0 | O16: 0 | P16: =SUM(M16:O16) -> 0 | Q16: ='2025 Trial Balance'!E63 -> 31202.75 | R16: 0 | S16: 0 | T16: 0 | V16: =SUM(Q16:U16) -> 31202.75 | W16: =SUM(V16-P16) -> 31202.75
H18: =H15+H16 -> 64694 | J18: =J15+J16 -> 92497
